 Dungeon Crawl Stone Soup version 0.23-a0-451-g1044d4c (webtiles) character file.

1022434 Gorice the Slayer (level 27, -3/246 HPs)
             Began as a Gnoll Wanderer on Nov 13, 2018.
             Was the Champion of Okawaru.
             Hit by an ancient champion thrown by iron giant (27 damage)
             ... created by the effects of Hell
             ... on level 7 of the Iron City of Dis on Nov 22, 2018.
             The game lasted 12:48:34 (95564 turns).

Gorice the Slayer (Gnoll Wanderer)                 Turns: 95564, Time: 12:48:35

Health: -3/246     AC: 49    Str: 28    XL:     27
Magic:  0/47       EV: 30    Int: 20    God:    Okawaru [******]
Gold:   8696       SH:  0    Dex: 18    Spells: 4/67 levels left

rFire    + . .     SeeInvis +   a - +8 mithril axe "Arga" {speed, MR+}
rCold    + . .     Gourm    .   (no shield)
rNeg     + . .     Faith    .   M - +8 pearl dragon scales of Recklessness {rC+ rN+ Slay+2}
rPois    +         Spirit   +   s - +0 helmet "Wuafish" {rF+ Regen+}
rElec    .         Reflect  .   x - +2 cloak {rPois}
rCorr    .         Harm     .   L - +2 pair of gloves {archery}
MR       +++++                  v - +2 pair of boots {run}
Stlth    ++++++++..             r - amulet of guardian spirit
HPRegen  1.91/turn              P - +5 ring of protection
MPRegen  0.30/turn              m - ring "Poomeum" {rC- MR++ Str+6 Dex+3 SInv}

@: heroism, regenerating, studying 3 skills, drained, quick
A: distributed training, fangs 1, blink, blurry vision 1, cold resistance 1,
evolution 1, strong nose
}: 10/15 runes: decaying, serpentine, slimy, silver, abyssal, demonic, glowing,
magical, fiery, dark
a: Blink, Heroism, Finesse, Renounce Religion


You were on level 7 of the Iron City of Dis.
You worshipped Okawaru.
Okawaru was exalted by your worship.
You were not hungry.

You visited 13 branches of the dungeon, and saw 61 of its levels.
You visited Pandemonium 4 times, and saw 20 of its levels.
You visited the Abyss 2 times.
You also visited: Labyrinth, Ice Cave, Wizlab and Desolation.

You collected 10684 gold pieces.
You spent 1988 gold pieces at shops.

Inventory:

Hand Weapons
 a - the +8 mithril axe "Arga" (weapon) {speed, MR+}
   (You found it on level 3 of the Swamp)

   Attacks with this weapon are significantly faster.
   It affects your resistance to hostile enchantments.
 b - the +6 longbow "Ulynkus" {flame, rN+ Int+4}
   (You acquired it on level 9 of the Dungeon)

   It causes projectiles fired from it to burn those they strike, causing extra
   injury to most foes and up to half again as much damage against particularly
   susceptible opponents.
   It affects your intelligence (+4).
   It protects you from negative energy.
 B - a +2 blowgun
Missiles
 O - 10 needles of paralysis
 Q - 1892 arrows
 S - 5 curare-tipped needles
Armour
 s - the +0 helmet "Wuafish" (worn) {rF+ Regen+}
   (You found it on level 1 of the Lair of Beasts)

   It protects you from fire.
   It increases your rate of regeneration.
 v - a +2 pair of boots of running (worn)
   (Okawaru gifted it to you on level 5 of the Lair of Beasts)
 x - a +2 cloak of poison resistance (worn)
   (Okawaru gifted it to you in an ice cave)
 L - a +2 pair of gloves of archery (worn)
   (You bought it in a shop on level 4 of the Dungeon)
 M - the +8 pearl dragon scales of Recklessness (worn) {rC+ rN+ Slay+2}
   (You found it on level 14 of the Dungeon)

   It affects your accuracy and damage with ranged weapons and melee attacks
   (+2).
   It protects you from cold.
   It protects you from negative energy.
Magical Staves
 w - an uncursed staff of wizardry
Jewellery
 c - the ring of Patience {rC+ rN+}
   (You found it on level 3 of the Crypt)

   [ring of positive energy]

   It protects you from cold.
   It protects you from negative energy.
 f - an uncursed ring of protection from fire
 m - the ring "Poomeum" (right hand) {rC- MR++ Str+6 Dex+3 SInv}
   (You took it off a minotaur in a labyrinth)

   [ring of strength]

   It affects your strength (+6).
   It affects your dexterity (+3).
   It makes you vulnerable to cold.
   It affects your resistance to hostile enchantments.
   It lets you see invisible.
 r - an amulet of guardian spirit (around neck)
 C - an uncursed ring of resist corrosion
 F - an uncursed ring of flight
 P - a +5 ring of protection (left hand)
Wands
 u - a wand of digging (8)
 z - a wand of scattershot (5)
 J - a wand of acid (39)
 K - a wand of paralysis (55)
Scrolls
 i - 4 scrolls of magic mapping {!r}
 n - 30 scrolls of remove curse
 y - 3 scrolls of blinking
 D - 21 scrolls of teleportation {!r}
 G - 7 scrolls of fear {!r}
 T - 4 scrolls of summoning {!r}
 U - 11 scrolls of fog
 W - 11 scrolls of identify
Potions
 e - 7 potions of magic {!q}
 h - 11 potions of mutation {!q}
 j - 15 potions of agility {!q}
 k - 9 potions of might {!q}
 l - 21 potions of curing
 o - 4 potions of resistance {!q}
 q - 11 potions of heal wounds {!q}
 t - 5 potions of cancellation {!q}
 A - 11 potions of brilliance {!q}
 R - 10 potions of haste {!q}
Books
 E - a manual of Transmutations {!d}
 I - a manual of Fighting {!d}
 V - a manual of Long Blades {!d}
Miscellaneous
 d - 5 boxes of beasts
 p - 6 phantom mirrors
 H - the horn of Geryon
Comestibles
 g - 104 rations


   Skills:
 + Level 26.3(26.8) Fighting
 + Level 20.8(25.7) Short Blades
 + Level 24.4(26.8) Long Blades
 + Level 20.8(25.7) Axes
 + Level 20.8(25.7) Maces & Flails
 + Level 20.8(25.7) Polearms
 + Level 20.8(25.7) Staves
 + Level 20.8(25.7) Slings
 + Level 20.8(25.7) Bows
 + Level 20.8(25.7) Crossbows
 + Level 20.8(25.7) Throwing
 + Level 21.1(26.0) Armour
 + Level 20.8(25.7) Dodging
 + Level 21.1(25.9) Stealth
 + Level 20.8(25.7) Shields
 + Level 20.8(25.7) Unarmed Combat
 + Level 20.8(20.7) Spellcasting
 + Level 18.1(17.9) Conjurations
 + Level 18.1(17.9) Hexes
 + Level 18.1(17.9) Charms
 + Level 18.1(17.9) Summonings
 + Level 18.1(17.9) Necromancy
 + Level 18.1(17.9) Translocations
 + Level 19.1(18.9) Transmutations
 + Level 18.1(17.9) Fire Magic
 + Level 18.1(17.9) Ice Magic
 + Level 18.1(17.9) Air Magic
 + Level 18.1(17.9) Earth Magic
 + Level 19.4(19.3) Poison Magic
 + Level 22.3(22.2) Invocations
 + Level 20.8(20.7) Evocations


You had 4 spell levels left.
You knew the following spells:

 Your Spells              Type           Power        Failure   Level  Hunger
a - Airstrike             Air            #######...   1%          4    None
b - Borgnjor's Vile Clut  Necr/Erth      #######...   1%          5    None
f - Cause Fear            Hex            #######...   1%          4    None
l - Summon Lightning Spi  Summ/Air       #######.     1%          4    None
p - Portal Projectile     Hex/Tloc       ######       0%          3    None
v - Summon Mana Viper     Hex/Summ       #######.     1%          5    None
w - Spectral Weapon       Hex/Chrm       #######.     0%          3    None
A - Apportation           Tloc           ######       0%          1    None
B - Summon Butterflies    Summ           #######.     0%          1    None
C - Shadow Creatures      Summ           N/A          1%          6    ####...
F - Freezing Cloud        Conj/Ice/Air   #######...   1%          6    ####...
J - Blink                 Tloc           N/A          0%          2    None
M - Deflect Missiles      Chrm/Air       #######...   1%          6    ####...
N - Necromutation         Tmut/Necr      #######...   12%         8    #######
R - Regeneration          Chrm/Necr      #######...   0%          3    None
S - Swiftness             Chrm/Air       #######.     0%          2    None

Your spell library contained the following spells:

 Spells                   Type           Power        Failure   Level  Hunger
 Animate Skeleton         Necr           N/A          0%          1    None
 Confusing Touch          Hex            ######       0%          1    None
 Corona                   Hex            #######      0%          1    None
 Flame Tongue             Conj/Fire      #####        0%          1    None
 Freeze                   Ice            ####         0%          1    None
 Infusion                 Chrm           ####         0%          1    None
 Magic Dart               Conj           ####         0%          1    None
 Pain                     Necr           ####         0%          1    None
 Sandblast                Erth           ######       0%          1    None
 Shock                    Conj/Air       ####         0%          1    None
 Sting                    Conj/Pois      ####         0%          1    None
 Summon Small Mammal      Summ           ####         0%          1    None
 Call Imp                 Summ           #######.     0%          2    None
 Corpse Rot               Necr           N/A          0%          2    None
 Passwall                 Tmut/Erth      #######.     0%          2    None
 Poisonous Vapours        Pois/Air       ######       0%          2    None
 Searing Ray              Conj           ######       0%          2    None
 Shroud of Golubria       Chrm/Tloc      #######...   0%          2    None
 Slow                     Hex            #######.     0%          2    None
 Sublimation of Blood     Necr           #######...   0%          2    None
 Throw Flame              Conj/Fire      ######       0%          2    None
 Throw Frost              Conj/Ice       ######       0%          2    None
 Call Canine Familiar     Summ           #######.     0%          3    None
 Conjure Flame            Conj/Fire      #######.     0%          3    None
 Dazzling Spray           Conj/Hex       ######       0%          3    None
 Gell's Gravitas          Tloc           #######...   0%          3    None
 Ignite Poison            Fire/Tmut/Pois #######.     0%          3    None
 Inner Flame              Hex/Fire       #######.     0%          3    None
 Lesser Beckoning         Tloc           #######...   0%          3    None
 Mephitic Cloud           Conj/Pois/Air  #######.     0%          3    None
 Ozocubu's Armour         Chrm/Ice       #######.     0%          3    None
 Recall                   Summ/Tloc      N/A          0%          3    None
 Spider Form              Tmut/Pois      #######...   0%          3    None
 Static Discharge         Conj/Air       #######.     0%          3    None
 Stone Arrow              Conj/Erth      ######       0%          3    None
 Summon Guardian Golem    Hex/Summ       #######.     0%          3    None
 Teleport Other           Tloc           #######.     0%          3    None
 Vampiric Draining        Necr           #######...   0%          3    None
 Olgreb's Toxic Radiance  Pois           #######.     0%          4    None
 Animate Dead             Necr           N/A          1%          4    None
 Ice Form                 Ice/Tmut       #######.     1%          4    None
 Leda's Liquefaction      Hex/Erth       #######...   1%          4    None
 Passage of Golubria      Tloc           N/A          1%          4    None
 Petrify                  Tmut/Erth      #######.     1%          4    None
 Sticky Flame             Conj/Fire      #######.     1%          4    None
 Summon Ice Beast         Ice/Summ       #######.     1%          4    None
 Throw Icicle             Conj/Ice       #######.     1%          4    None
 Agony                    Necr           #######.     1%          5    None
 Alistair's Intoxication  Tmut/Pois      #######.     1%          5    None
 Aura of Abjuration       Summ           #######...   1%          5    None
 Bolt of Draining         Conj/Necr      #######...   1%          5    None
 Bolt of Magma            Conj/Fire/Erth #######...   1%          5    None
 Dispel Undead            Necr           #######.     1%          5    None
 Excruciating Wounds      Chrm/Necr      #######...   1%          5    None
 Fireball                 Conj/Fire      #######...   1%          5    None
 Irradiate                Conj/Tmut      #######...   1%          5    None
 Iskenderun's Battlesphe  Conj/Chrm      #######.     1%          5    None
 Lee's Rapid Deconstruct  Erth           #######...   1%          5    None
 Lightning Bolt           Conj/Air       #######...   1%          5    None
 Metabolic Englaciation   Hex/Ice        #######...   1%          5    None
 Silence                  Hex/Air        #######...   1%          5    None
 Summon Demon             Summ           #######...   1%          5    None
 Summon Forest            Summ/Tloc      #######...   1%          5    None
 Venom Bolt               Conj/Pois      #######...   1%          5    None
 Yara's Violent Unravell  Hex/Tmut       #######...   1%          5    None
 Death Channel            Necr           #######...   1%          6    ####...
 Hydra Form               Tmut           #######...   1%          6    ####...
 Iron Shot                Conj/Erth      #######...   1%          6    ####...
 Simulacrum               Ice/Necr       #######...   1%          6    ####...
 Statue Form              Tmut/Erth      #######..    1%          6    ####...
 Dragon Form              Tmut           #######...   1%          7    #####..
 Haunt                    Necr/Summ      #######...   1%          7    #####..
 Malign Gateway           Summ/Tloc      #######...   1%          7    #####..
 Monstrous Menagerie      Summ           #######...   1%          7    #####..
 Orb of Destruction       Conj           #######...   1%          7    #####..
 Ring of Flames           Chrm/Fire      #######...   1%          7    #####..
 Spellforged Servitor     Conj/Summ      #######...   1%          7    #####..
 Summon Greater Demon     Summ           #######...   1%          7    #####..
 Summon Hydra             Summ           #######...   1%          7    #####..
 Borgnjor's Revivificati  Necr           #######...   14%         8    #######
 Death's Door             Chrm/Necr      #######...   14%         8    #######
 Discord                  Hex            #######...   14%         8    #######
 Infestation              Necr           #######...   14%         8    #######
 Summon Horrible Things   Summ           #######...   14%         8    #######
 Shatter                  Erth           #######...   92%         9    #######


Dungeon Overview and Level Annotations

Branches:
Dungeon (15/15)            Temple (1/1) D:5            Lair (6/6) D:11
  Swamp (4/4) Lair:3        Snake (4/4) Lair:2        Slime (5/5) Lair:6
    Orc (2/2) D:9             Elf (3/3) Orc:2        Vaults (5/5) D:14
  Crypt (3/3) Vaults:2       Tomb (0/3) Crypt:3      Depths (5/5) D:15
   Hell (1/1)                 Dis (7/7) Hell            Geh (0/7) Hell
    Coc (0/7) Hell            Tar (0/7) Hell            Zot (0/5) Depths:5

Altars:
Ashenzari
Cheibriados
Dithmenos
Elyvilon
Fedhas
Gozag
Hepliaklqana
Kikubaaqudgha
Makhleb
Nemelex Xobeh
Okawaru
Qazlal
Ru
Sif Muna
Trog
Uskayaw
Vehumet
Wu Jian
Xom
Yredelemnul
Zin
The Shining One
Jiyva

Shops:
D:4 (?*[[   Orc:2 !:*[   Elf:2 }==   Elf:3 ?[(:   Vaults:3 ?   Depths:1 **%=}
Depths:4 [

Portals:
Hell: Depths:1 Depths:2* Depths:3 Depths:4 Depths:5
Abyss: Depths:2 Depths:4 Depths:5
Pandemonium: Depths:3
Ziggurat: Depths:3

Annotations:
Elf:2 1 runed door
Dis:1 21 runed doors


Innate Abilities, Weirdness & Mutations

Your experience applies equally to all skills.
You have very sharp teeth.
Your uncanny sense of smell can sniff out nearby items.
You can translocate small distances at will.
Scrolls take you a little longer to read.
Your flesh is cold resistant. (rC+)
You evolve.


Message History

Okawaru accepts your kill.
The vampire knight completely misses you. x2
Your spectral weapon hits the vampire knight but does no damage.
You catch the helpless vampire knight completely off-guard!
You hit the vampire knight but do no damage.
You bite the vampire knight, but do no damage.
The vampire knight is moderately damaged.
Your spectral weapon hits the vampire knight but does no damage.
The vampire knight gestures at you while chanting.
You resist with almost no effort.
You carve the vampire knight like a ham!!!
You punch the vampire knight!
You destroy the vampire knight!
Okawaru accepts your kill.
You slash the ancient champion!
You hear a shout!
Unknown command.
You swap places.
The ancient champion gestures at you while chanting.
The iron shot misses you.
Things that are here:
a +1 dire flail; a +0 chain mail Unknown command.
Unknown command.
You completely miss the ancient champion.
You bite the ancient champion.
The ancient champion is moderately damaged.
Your spectral weapon hits the ancient champion!!
The tormentor calls on the powers of darkness!
The iron dragon convulses!
Your body is wracked with pain!
* * * LOW HITPOINT WARNING * * *
The ancient champion hits your spectral weapon with a +3 battleaxe!!
Your spectral weapon shares its damage with you!
The ancient champion misses you.
* * * LOW HITPOINT WARNING * * *
Damage: 37 (max 61)
You slice the ancient champion!!
You bite the ancient champion, but do no damage.
The ancient champion is almost destroyed.
You hear a shout!
Your spectral weapon hits the ancient champion!
You destroy the ancient champion!
Okawaru accepts your kill.
The iron dragon breathes metal splinters at you.
The spray of metal splinters misses you.
A rust devil comes into view.
The ancient champion gestures at you while chanting.
The bolt of negative energy misses you.
The iron giant throws the ancient champion at you!
You die...

# ##.....####(#....
#.#.......#.#(4....
.............(.....
............(......
.............C....#
..................#
.........D.#^#.....
........2.#### ...
.......z@## .
........)(#
8........##
.8........
..........
##.88...... .
#.......... ..
..... #######.....
.. ...... .8.... ..


You could see an iron giant, an iron dragon, an ancient champion, a rust devil
(wandering), a tormentor and a friendly spectral +8 mithril axe "Arga" {speed,
MR+}.

Vanquished Creatures
  Cerebov (Pan)
  Dissolution (Slime:2)
  the Royal Jelly (Slime:5)
  A seraph (Pan)
  Gloorx Vloq (Pan)
  Mnoleg (Pan)
  Lom Lobon (Pan)
  2 ancient liches
  A juggernaut (Depths:4)
  5 pandemonium lords (Pan)
  Margery (Vaults:2)
  Saint Roka (Crypt:3)
  A curse toe (Crypt:3)
  the Lernaean hydra (Swamp:4)
  Xtahua (Vaults:3)
  4 caustic shrikes
  Geryon (Hell)
  4 golden dragons
  Jory (Vaults:3)
  4 bone dragons
  2 Tzitzimimeh (Pan)
  2 pearl dragons (Pan)
  4 iron giants
  4 Brimstone Fiends
  Rupert (Lair:6)
  8 tentacled monstrosities
  5 Hell Sentinels (Dis:7)
  2 Ice Fiends (Pan)
  The ghost of Taipeumi the Warrior, an adept FoFi of Gozag (Swamp:3)
  Asterion (Elf:2)
  5 deep elf master archers (Elf:3)
  5 titans
  16 acid blobs
  12 ancient champions
  3 deep elf blademasters (Elf:3)
  10 liches
  5 quicksilver dragons
  4 tentacled starspawn
  23 Executioners
  7 sphinxes
  2 thorn hunters (Swamp:3)
  8 shadow dragons
  4 warmongers (Pan)
  4 storm dragons
  A tengu reaver (Vaults:5)
  4 revenants
  A storm dragon (shapeshifter) (Depths:4)
  Kirke (Snake:4)
  14 azure jellies
  7 nagarajas
  A draconian monk (Depths:4)
  6 frost giants
  The ghost of Tovarisch the Pandemonic, a journeyman DDNe of Makhleb (Orc:1)
  17 vault wardens
  4 iron dragons
  14 fire giants
  6 corrupters (Pan)
  15 daevas (Pan)
  27 balrugs
  20 cacodemons
  13 deep elf sorcerers
  7 curse skulls
  4 draconian stormcallers (Depths:5)
  3 imperial myrmidons (Desolation)
  Louise (Depths:4)
  26 angels
  7 draconian annihilators
  A juggernaut skeleton (Depths:3)
  4 deep elf elementalists
  2 ghouls (Crypt:1)
  34 reapers
  19 ironheart preservers
  11 war gargoyles
  10 spriggan defenders
  5 blood saints (Pan)
  28 apis (Pan)
  27 very ugly things
  14 ophanim (Pan)
  2 green draconians (Depths:5)
  12 vampire knights
  4 lorocyprocas
  A deep elf demonologist (Elf:2)
  9 deep elf annihilators
  16 stone giants
  A black sun (Pan)
  3 yellow draconians (Depths:5)
  4 black draconians (Depths:5)
  A purple draconian (Depths:5)
  An orange crystal statue (WizLab)
  2 red draconians
  A minotaur (Lab)
  2 white draconians (Depths:5)
  3 halazid warlocks (Desolation)
  A spark wasp (Depths:4)
  A dire elephant (Lair:4)
  9 blizzard demons
  The ghost of Gew Heuq the Nimble, a journeyman BaGl of Gozag (D:13)
  3 eidola
  A merfolk javelineer (Depths:4)
  11 green deaths (Pan)
  3 quicksilver dragon zombies
  14 ettins
  Snorg (Lair:4)
  6 jiangshi
  16 deep elf death magi
  5 ragged hierophants (Desolation)
  5 deep elf high priests
  6 death oozes (Slime:5)
  15 yaktaur captains
  Josephine (Lair:4)
  7 fire dragons
  12 great orbs of eyes
  2 quicksilver dragon skeletons
  8 ogre magi
  A ghost crab (Swamp:2)
  12 rakshasas
  6 ice dragons
  12 naga warriors
  32 vault guards
  5 servants of whispers (Desolation)
  3 spriggan air magi
  A hell beast (Dis:6)
  2 monstrous demonspawn (Pan)
  A catoblepas (shapeshifter) (Vaults:2)
  4 peacekeepers (Desolation)
  26 hydras
  13 centaur warriors
  39 dancing weapons
  5 death yaks (Lair:5)
  11 alligators
  3 tengu warriors
  6 death knights
  20 anacondas
  8 deep troll shamans
  A queen ant (Lair:3)
  5 deep troll earth magi
  3 titan zombies (Dis:7)
  25 two-headed ogres
  4 vampire magi
  2 thrashing horrors (Abyss:1)
  4 hell hogs
  6 small abominations
  5 spriggan berserkers
  6 orc high priests
  5 shock serpents
  22 soul eaters
  27 deep elf knights
  Nergalle (Lair:1)
  2 titan skeletons
  An iron golem (Dis:6)
  20 naga sharpshooters
  10 shadow wraiths
  58 sun demons
  2 wretched stars (Abyss:4)
  42 hell knights
  3 iron trolls
  18 sixfirhies
  76 skeletal warriors
  A spatial maelstrom (Abyss:4)
  6 unseen horrors
  19 cherubim (Pan)
  A death drake (shapeshifter) (D:14)
  6 gelid demonspawn
  A sea snake (shapeshifter) (D:14)
  A storm dragon skeleton (Pan)
  2 golden dragon zombies
  2 quicksilver dragon simulacra (Depths:5)
  10 salamander mystics
  14 flayed ghosts
  2 spriggan druids
  4 infernal demonspawn (Pan)
  4 torturous demonspawn (Pan)
  18 starcursed masses
  12 wizards
  25 deep elf archers
  18 ironbrand convokers
  13 swamp dragons
  A shadow dragon zombie (Crypt:1)
  An anaconda skeleton (Crypt:3)
  4 shadow demons (Pan)
  16 deep trolls
  7 naga ritualists
  9 glowing orange brains
  12 phantasmal warriors
  5 lindwurms
  A wolf spider zombie (Crypt:3)
  18 mana vipers
  2 harpies (shapeshifter)
  2 iron dragon zombies
  23 necromancers
  2 wolf spiders
  2 frost giant zombies
  3 fire giant zombies
  2 stone giant zombies
  A faun (shapeshifter) (Elf:1)
  15 orc knights
  79 deep elf magi
  4 harpies (Vaults:2)
  7 orc sorcerers
  7 oklob plants
  An iron dragon skeleton (Pan)
  A shadow dragon skeleton (Dis:2)
  18 salamanders
  34 ugly things
  3 human zombies
  2 tengu skeletons
  5 cyclopes
  35 rust devils
  5 shining eyes (Slime:5)
  2 elephants (shapeshifter)
  2 fire giant skeletons
  4 human skeletons
  12 guardian serpents
  2 frost giant skeletons
  2 shock serpent zombies
  2 eyes of devastation
  An apocalypse crab (Abyss:1)
  40 black mambas
  2 ice statues
  15 elephants
  An alligator snapping turtle zombie (Crypt:1)
  9 vault sentinels
  A stone giant skeleton (Depths:1)
  2 spriggan zombies
  2 dire elephant zombies
  A torpor snail (Lair:4)
  25 naga magi
  4 molten gargoyles
  18 smoke demons (Pan)
  11 gargoyles
  28 orange demons
  5 centaur skeletons
  13 spiny frogs
  A white draconian zombie (Crypt:2)
  3 rime drakes
  9 komodo dragons
  26 tormentors
  10 efreet
  15 hellions
  2 kobold demonologists
  26 ice devils
  A yellow draconian skeleton (Crypt:2)
  A spark wasp simulacrum (Depths:1)
  2 anaconda simulacra
  2 ancient zymes (Abyss:1)
  19 freezing wraiths
  9 demonic crawlers
  A golden dragon simulacrum (IceCv)
  An iron troll zombie (Crypt:3)
  20 hellwings
  4 guardian mummies
  A queen bee (shapeshifter) (Vaults:1)
  48 yaktaurs
  A yaktaur skeleton (Vaults:4)
  33 red devils
  A death drake zombie (Crypt:1)
  2 hydra zombies
  3 meliai (D:15)
  2 tengu conjurers
  23 hornets
  11 trolls
  5 tyrant leeches
  A jumping spider (shapeshifter) (Vaults:4)
  9 polar bears
  A hornet (shapeshifter) (Vaults:1)
  30 large abominations
  A meliai (shapeshifter) (Vaults:4)
  A raiju (shapeshifter) (Elf:1)
  A wind drake (Abyss:3)
  A deep troll zombie (Depths:1)
  7 raiju
  2 alligator zombies
  66 slime creatures
  44 saltlings (Desolation)
  A hydra skeleton (Hell)
  Grinder (D:4)
  8 bog bodies
  An ice dragon zombie (Dis:2)
  A blink frog (shapeshifter) (Vaults:5)
  A wolf spider simulacrum (IceCv)
  6 ettin zombies
  7 fire dragon zombies
  A satyr zombie (Crypt:2)
  A slime creature (shapeshifter) (Vaults:4)
  23 blink frogs
  11 hippogriffs
  6 dream sheep (Lair:5)
  A dream sheep (shapeshifter) (Vaults:5)
  41 flying skulls
  A meliai zombie (D:15)
  A guardian serpent skeleton (Crypt:1)
  A fire dragon skeleton (Dis:2)
  A spriggan (shapeshifter) (Vaults:2)
  An ice dragon skeleton (Pan)
  17 water elementals
  2 air elementals (Elf:3)
  56 yaks
  3 vampires
  8 ynoxinuls (Pan)
  A tarantella (shapeshifter) (Depths:3)
  15 shadows
  A black mamba zombie (Dis:3)
  36 spriggans
  29 wraiths
  9 wyverns
  3 dire elephant simulacra (IceCv)
  2 ettin skeletons
  13 fire elementals
  8 basilisks
  9 hungry ghosts
  6 golden eyes (Slime:5)
  Eustachio (D:4)
  19 humans
  A basilisk (shapeshifter) (Elf:3)
  Edmund (D:4)
  3 steam dragons
  18 vampire mosquitoes
  18 neqoxecs
  A death yak simulacrum (IceCv)
  6 chaos spawn (Pan)
  2 harpy simulacra (IceCv)
  A yaktaur simulacrum (Vaults:3)
  43 nagas
  A warg (shapeshifter) (Depths:2)
  5 spatial vortices
  4 acid dragons
  5 wargs
  15 swamp worms
  17 water moccasins
  2 iron troll simulacra (IceCv)
  14 soldier ants
  A floating eye (shapeshifter) (Vaults:5)
  61 hell hounds
  5 hydra simulacra (IceCv)
  2 floating eyes
  A monstrous demonspawn skeleton (Dis:5)
  4 spiny frog zombies
  2 gelid demonspawn skeletons (Crypt:3)
  9 porcupines
  48 orc warriors
  2 black bears (D:12)
  7 ice beasts
  15 swamp drakes
  An alligator simulacrum (Hell)
  A black bear (shapeshifter) (D:13)
  3 spiny frog skeletons
  8 ettin simulacra
  4 manticore zombies
  4 sky beasts
  A swamp dragon zombie (Dis:4)
  A phantom (D:6)
  An eye of draining (shapeshifter) (Vaults:4)
  2 eyes of draining
  5 snapping turtle zombies
  An ice dragon simulacrum (Crypt:1)
  6 necrophages
  23 ogres
  20 centaurs
  A hog skeleton (Crypt:3)
  9 crocodiles
  6 big kobolds
  An elf zombie (Dis:5)
  17 bullfrogs
  2 earth elementals
  A gnoll sergeant (D:10)
  2 spiny frog simulacra (Hell)
  A glowing shapeshifter simulacrum (Depths:1)
  2 wyvern skeletons
  3 scorpions
  15 wights
  A raiju zombie (Crypt:2)
  15 killer bees
  A troll zombie (Hell)
  2 electric eels (D:9)
  2 troll skeletons (Lab)
  7 howler monkeys
  A bullfrog zombie (D:5)
  11 crimson imps
  5 lava snakes (Lair:6)
  6 centaur zombies
  4 draconian simulacra (IceCv)
  9 hounds
  A hound (shapeshifter) (Vaults:4)
  21 orc priests
  4 jellies
  2 quasits
  A gnoll shaman (Orc:2)
  4 bullfrog skeletons
  24 iron imps
  7 iguanas
  40 worker ants
  27 orc wizards
  4 troll simulacra (IceCv)
  5 hell rats
  A porcupine skeleton (Crypt:1)
  2 polar bear simulacra (IceCv)
  2 centaur simulacra (IceCv)
  An ogre zombie (Crypt:1)
  A tengu zombie (Dis:2)
  A demigod zombie (Crypt:1)
  An ogre skeleton (Lab)
  A worker ant zombie (Crypt:2)
  6 mummies
  9 gnolls
  A howler monkey skeleton (D:10)
  An ogre simulacrum (IceCv)
  A river rat (shapeshifter) (Depths:5)
  A steam dragon zombie (Crypt:1)
  15 adders
  2 naga simulacra (IceCv)
  A shadow imp (D:5)
  A white imp (IceCv)
  8 ufetubi
  2 adder zombies
  2 adder skeletons
  An iguana skeleton (Crypt:1)
  3 worms
  A barachi skeleton (Crypt:3)
  A dart slug (D:1)
  9 leopard geckos
  95 orcs
  4 bats
  3 giant cockroaches
  13 goblins
  11 hobgoblins
  13 jackals
  29 kobolds
  8 quokkas
  3 ball pythons
  3 frilled lizards
  A goblin skeleton (Crypt:3)
  A leopard gecko skeleton (D:8)
  3 leopard gecko zombies
  A quokka skeleton (D:4)
  3 rats
  A river rat skeleton (Crypt:2)
  A bush (Lair:6)
  4 crawling corpses
  4 fire vortices (Pan)
  A fungus (Lair:5)
  3 plants
  A spectral weapon (Vaults:5)
  3 starspawn tentacles
3707 creatures vanquished.

Vanquished Creatures (collateral kills)
  2 shining eyes
  A rust devil (Dis:3)
  A chaos spawn (Pan)
4 creatures vanquished.

Vanquished Creatures (others)
  An Executioner (Pan)
  An eldritch tentacle (Dis:7)
  A dancing weapon (Elf:2)
  3 deep elf magi
  A deep elf archer (Elf:2)
  5 humans (Snake:4)
  A chaos spawn (Pan)
  An ogre (Vaults:4)
  An orc wizard (D:6)
  4 white imps (IceCv)
  5 ufetubi (IceCv)
  An adder zombie (D:6)
  66 fungi
  50 plants
  33 spectral weapons
  6 starspawn tentacles
180 creatures vanquished.

Grand Total: 3891 creatures vanquished

Notes
Turn   | Place    | Note
-------+----------+-------------------------------------------
     0 | D:1      | Gorice the Gnoll Wanderer began the quest for the Orb.
     0 | D:1      | Gorice set off with the following items: a +0 hand
                  | crossbow, 24 bolts, a potion of lignification {!q}, a +0
                  | robe, a +0 dagger, a ration; and the following spell
                  | memorised: Sting; and the following spells available to
                  | memorise: Poisonous Vapours, Olgreb's Toxic Radiance,
                  | Mephitic Cloud, Venom Bolt
     0 | D:1      | Reached XP level 1. HP: 17/17 MP: 1/1
     0 | D:1      | --S15, I13, D14
   166 | D:1      | Reached XP level 2. HP: 23/23 MP: 2/2
   730 | D:2      | Reached XP level 3. HP: 28/28 MP: 3/3
   869 | D:2      | Reached skill level 1 in Invocations
  1071 | D:2      | Noticed an ice beast
  1080 | D:2      | Killed an ice beast
  1080 | D:2      | Reached skill level 1 in Short Blades
  1080 | D:2      | Reached skill level 1 in Long Blades
  1080 | D:2      | Reached skill level 1 in Axes
  1080 | D:2      | Reached skill level 1 in Maces & Flails
  1080 | D:2      | Reached skill level 1 in Polearms
  1080 | D:2      | Reached skill level 1 in Staves
  1080 | D:2      | Reached skill level 1 in Slings
  1080 | D:2      | Reached skill level 1 in Bows
  1080 | D:2      | Reached skill level 1 in Crossbows
  1080 | D:2      | Reached skill level 1 in Throwing
  1080 | D:2      | Reached skill level 1 in Dodging
  1080 | D:2      | Reached skill level 1 in Shields
  1080 | D:2      | Reached skill level 1 in Unarmed Combat
  1080 | D:2      | Reached skill level 1 in Spellcasting
  1080 | D:2      | Reached skill level 1 in Conjurations
  1080 | D:2      | Reached skill level 1 in Hexes
  1080 | D:2      | Reached skill level 1 in Charms
  1080 | D:2      | Reached skill level 1 in Summonings
  1080 | D:2      | Reached skill level 1 in Necromancy
  1080 | D:2      | Reached skill level 1 in Translocations
  1080 | D:2      | Reached skill level 1 in Transmutations
  1080 | D:2      | Reached skill level 1 in Fire Magic
  1080 | D:2      | Reached skill level 1 in Ice Magic
  1080 | D:2      | Reached skill level 1 in Air Magic
  1080 | D:2      | Reached skill level 1 in Earth Magic
  1080 | D:2      | Reached skill level 1 in Evocations
  1080 | D:2      | Reached XP level 4. HP: 21/34 MP: 4/6
  1080 | D:2      | Reached XP level 5. HP: 25/40 MP: 4/7
  1416 | D:3      | Found a faded altar of an unknown god.
  1420 | D:3      | Reached skill level 3 in Fighting
  1565 | D:3      | Found an iron altar of Okawaru.
  1636 | D:3      | Became a worshipper of Warmaster Okawaru
  1792 | D:3      | Found a bloodstained altar of Trog.
  1863 | D:3      | Found a snail-covered altar of Cheibriados.
  2221 | D:4      | Reached XP level 6. HP: 42/47 MP: 6/8
  2233 | D:4      | Noticed Grinder
  2406 | D:4      | Noticed Edmund
  2418 | D:4      | Found Cexzy's Magic Scroll Shop.
  2421 | D:4      | Found Ikupp's Armour Emporium.
  2443 | D:4      | Killed Edmund
  2443 | D:4      | Reached skill level 2 in Short Blades
  2443 | D:4      | Reached skill level 2 in Long Blades
  2443 | D:4      | Reached skill level 2 in Axes
  2443 | D:4      | Reached skill level 2 in Maces & Flails
  2443 | D:4      | Reached skill level 2 in Polearms
  2443 | D:4      | Reached skill level 2 in Staves
  2443 | D:4      | Reached skill level 2 in Slings
  2443 | D:4      | Reached skill level 2 in Bows
  2443 | D:4      | Reached skill level 2 in Crossbows
  2443 | D:4      | Reached skill level 2 in Throwing
  2443 | D:4      | Reached skill level 5 in Armour
  2443 | D:4      | Reached skill level 2 in Dodging
  2443 | D:4      | Reached skill level 2 in Shields
  2443 | D:4      | Reached skill level 2 in Unarmed Combat
  2443 | D:4      | Reached skill level 2 in Spellcasting
  2443 | D:4      | Reached skill level 2 in Invocations
  2443 | D:4      | Reached skill level 2 in Evocations
  2493 | D:4      | Got a scorched leather armour
  2622 | D:4      | Bought a scroll of identify for 26 gold pieces
  2622 | D:4      | Bought a scroll of identify for 26 gold pieces
  2664 | D:4      | Paralysed by Grinder for 6 turns
  2675 | D:4      | Killed Grinder
  2675 | D:4      | Reached * piety under Okawaru
  2675 | D:4      | Reached skill level 9 in Poison Magic
  2675 | D:4      | Reached XP level 7. HP: 52/52 MP: 10/10
  2778 | D:4      | Reached skill level 2 in Conjurations
  2778 | D:4      | Reached skill level 2 in Hexes
  2778 | D:4      | Reached skill level 2 in Charms
  2778 | D:4      | Reached skill level 2 in Summonings
  2778 | D:4      | Reached skill level 2 in Necromancy
  2778 | D:4      | Reached skill level 2 in Translocations
  2778 | D:4      | Reached skill level 2 in Transmutations
  2778 | D:4      | Reached skill level 2 in Fire Magic
  2778 | D:4      | Reached skill level 2 in Ice Magic
  2778 | D:4      | Reached skill level 2 in Air Magic
  2778 | D:4      | Reached skill level 2 in Earth Magic
  2929 | D:4      | Found Lipn's Assorted Antiques.
  3006 | D:4      | Noticed Eustachio
  3014 | D:4      | Found Jontyk's Weapon Boutique.
  3142 | D:4      | Killed Eustachio
  3142 | D:4      | Reached skill level 5 in Stealth
  3142 | D:4      | Reached skill level 3 in Invocations
  3251 | D:4      | Reached XP level 8. HP: 60/60 MP: 12/12
  3293 | D:4      | Found a shimmering altar of Xom.
  3335 | D:4      | Found Pabbe's Antique Armour Emporium.
  3367 | D:5      | Entered Level 5 of the Dungeon
  3403 | D:5      | Found a white marble altar of Elyvilon.
  3465 | D:5      | Reached skill level 4 in Fighting
  3474 | D:5      | Reached ** piety under Okawaru
  3474 | D:5      | Reached skill level 3 in Short Blades
  3474 | D:5      | Reached skill level 3 in Long Blades
  3474 | D:5      | Reached skill level 3 in Axes
  3474 | D:5      | Reached skill level 3 in Maces & Flails
  3474 | D:5      | Reached skill level 3 in Polearms
  3474 | D:5      | Reached skill level 3 in Staves
  3474 | D:5      | Reached skill level 3 in Slings
  3474 | D:5      | Reached skill level 3 in Bows
  3474 | D:5      | Reached skill level 3 in Crossbows
  3474 | D:5      | Reached skill level 3 in Throwing
  3474 | D:5      | Reached skill level 3 in Dodging
  3474 | D:5      | Reached skill level 3 in Shields
  3474 | D:5      | Reached skill level 3 in Unarmed Combat
  3474 | D:5      | Reached skill level 3 in Spellcasting
  3474 | D:5      | Reached skill level 3 in Evocations
  3820 | D:5      | Found a staircase to the Ecumenical Temple.
  3827 | Temple   | Entered the Ecumenical Temple
  4068 | D:5      | Found a blossoming altar of Fedhas.
  4073 | D:5      | Found a stormy altar of Qazlal.
  4487 | D:6      | Reached skill level 4 in Invocations
  4527 | D:6      | Reached skill level 3 in Conjurations
  4527 | D:6      | Reached skill level 3 in Hexes
  4527 | D:6      | Reached skill level 3 in Charms
  4527 | D:6      | Reached skill level 3 in Summonings
  4527 | D:6      | Reached skill level 3 in Necromancy
  4527 | D:6      | Reached skill level 3 in Translocations
  4527 | D:6      | Reached skill level 3 in Transmutations
  4527 | D:6      | Reached skill level 3 in Fire Magic
  4527 | D:6      | Reached skill level 3 in Ice Magic
  4527 | D:6      | Reached skill level 3 in Air Magic
  4527 | D:6      | Reached skill level 3 in Earth Magic
  4746 | D:6      | Reached XP level 9. HP: 66/66 MP: 14/14
  4886 | D:6      | Reached *** piety under Okawaru
  4886 | D:6      | Reached skill level 6 in Armour
  5227 | D:6      | HP: 10/66 [orc priest/divine providence (14)]
  5699 | D:7      | Reached skill level 4 in Short Blades
  5699 | D:7      | Reached skill level 4 in Long Blades
  5699 | D:7      | Reached skill level 4 in Axes
  5699 | D:7      | Reached skill level 4 in Maces & Flails
  5699 | D:7      | Reached skill level 4 in Polearms
  5699 | D:7      | Reached skill level 4 in Staves
  5699 | D:7      | Reached skill level 4 in Slings
  5699 | D:7      | Reached skill level 4 in Bows
  5699 | D:7      | Reached skill level 4 in Crossbows
  5699 | D:7      | Reached skill level 4 in Throwing
  5699 | D:7      | Reached skill level 4 in Dodging
  5699 | D:7      | Reached skill level 4 in Shields
  5699 | D:7      | Reached skill level 4 in Unarmed Combat
  5699 | D:7      | Reached skill level 4 in Spellcasting
  5699 | D:7      | Reached skill level 4 in Evocations
  5888 | D:7      | Reached skill level 5 in Fighting
  5888 | D:7      | Reached skill level 6 in Stealth
  6636 | D:8      | Reached **** piety under Okawaru
  6646 | D:8      | Reached skill level 5 in Invocations
  7166 | D:8      | Reached XP level 10. HP: 63/74 MP: 14/17
  7332 | D:8      | Reached skill level 4 in Conjurations
  7332 | D:8      | Reached skill level 4 in Hexes
  7332 | D:8      | Reached skill level 4 in Charms
  7332 | D:8      | Reached skill level 4 in Summonings
  7332 | D:8      | Reached skill level 4 in Necromancy
  7332 | D:8      | Reached skill level 4 in Translocations
  7332 | D:8      | Reached skill level 4 in Transmutations
  7332 | D:8      | Reached skill level 4 in Fire Magic
  7332 | D:8      | Reached skill level 4 in Ice Magic
  7332 | D:8      | Reached skill level 4 in Air Magic
  7332 | D:8      | Reached skill level 4 in Earth Magic
  7433 | D:8      | Received a gift from Okawaru
  7620 | D:8      | Reached skill level 5 in Short Blades
  7620 | D:8      | Reached skill level 5 in Long Blades
  7620 | D:8      | Reached skill level 5 in Axes
  7620 | D:8      | Reached skill level 5 in Maces & Flails
  7620 | D:8      | Reached skill level 5 in Polearms
  7620 | D:8      | Reached skill level 5 in Staves
  7620 | D:8      | Reached skill level 5 in Slings
  7620 | D:8      | Reached skill level 5 in Bows
  7620 | D:8      | Reached skill level 5 in Crossbows
  7620 | D:8      | Reached skill level 5 in Throwing
  7620 | D:8      | Reached skill level 5 in Dodging
  7620 | D:8      | Reached skill level 5 in Shields
  7620 | D:8      | Reached skill level 5 in Unarmed Combat
  7620 | D:8      | Reached skill level 5 in Spellcasting
  7620 | D:8      | Reached skill level 5 in Evocations
  8231 | D:9      | Reached skill level 7 in Armour
  8340 | D:9      | Found a shadowy altar of Dithmenos.
  8349 | D:9      | Found a glowing golden altar of the Shining One.
  8499 | D:9      | Received a gift from Okawaru
  8793 | D:4      | Bought a +2 plate armour of magic resistance for 440 gold
                  | pieces
  9082 | D:9      | Reached skill level 6 in Fighting
  9413 | D:9      | Found a staircase to the Orcish Mines.
  9414 | D:9      | Reached skill level 6 in Invocations
  9626 | D:9      | Identified a scroll of acquirement
  9627 | D:9      | Got a steaming longbow
  9628 | D:9      | Identified the +6 longbow "Ulynkus" {flame, rN+ Int+4} (You
                  | acquired it on level 9 of the Dungeon)
  9767 | D:10     | Entered Level 10 of the Dungeon
  9777 | D:10     | Reached skill level 7 in Stealth
  9945 | D:10     | HP: 20/76 [troll (9)]
  9946 | D:10     | Received a gift from Okawaru
  9992 | D:10     | Found an iron altar of Okawaru.
 10035 | D:10     | HP: 19/76 [yak (6)]
 10054 | D:10     | HP: 19/76 [yak (3)]
 10059 | D:10     | HP: 11/76 [yak (7)]
 10060 | D:10     | Reached skill level 10 in Poison Magic
 10060 | D:10     | Reached XP level 11. HP: 12/82 MP: 6/19
 10065 | D:10     | Received a gift from Okawaru
 10068 | D:10     | HP: 11/82 [yak (3)]
 10173 | D:10     | Found a flagged portal.
 10697 | D:10     | Reached skill level 6 in Short Blades
 10697 | D:10     | Reached skill level 6 in Long Blades
 10697 | D:10     | Reached skill level 6 in Axes
 10697 | D:10     | Reached skill level 6 in Maces & Flails
 10697 | D:10     | Reached skill level 6 in Polearms
 10697 | D:10     | Reached skill level 6 in Staves
 10697 | D:10     | Reached skill level 6 in Slings
 10697 | D:10     | Reached skill level 6 in Bows
 10697 | D:10     | Reached skill level 6 in Crossbows
 10697 | D:10     | Reached skill level 6 in Throwing
 10697 | D:10     | Reached skill level 6 in Dodging
 10697 | D:10     | Reached skill level 6 in Shields
 10697 | D:10     | Reached skill level 6 in Unarmed Combat
 10697 | D:10     | Reached skill level 6 in Spellcasting
 10697 | D:10     | Reached skill level 6 in Evocations
 10723 | D:10     | Reached ***** piety under Okawaru
 10723 | D:10     | Reached skill level 5 in Conjurations
 10723 | D:10     | Reached skill level 5 in Hexes
 10723 | D:10     | Reached skill level 5 in Charms
 10723 | D:10     | Reached skill level 5 in Summonings
 10723 | D:10     | Reached skill level 5 in Necromancy
 10723 | D:10     | Reached skill level 5 in Translocations
 10723 | D:10     | Reached skill level 5 in Transmutations
 10723 | D:10     | Reached skill level 5 in Fire Magic
 10723 | D:10     | Reached skill level 5 in Ice Magic
 10723 | D:10     | Reached skill level 5 in Air Magic
 10723 | D:10     | Reached skill level 5 in Earth Magic
 10737 | D:10     | Received a gift from Okawaru
 10918 | D:11     | Noticed a wizard
 10923 | D:11     | Killed a wizard
 10925 | D:11     | Noticed a deep elf mage
 10927 | D:11     | Noticed a deep elf mage
 10931 | D:11     | Killed a deep elf mage
 10935 | D:11     | Identified the Incunabulum of Sand
 10980 | D:11     | Noticed a wizard
 11004 | D:11     | Received a gift from Okawaru
 11168 | D:11     | Found a white marble altar of Elyvilon.
 11200 | D:11     | Learned a level 1 spell: Apportation
 11202 | D:11     | Learned a level 1 spell: Animate Skeleton
 11232 | D:11     | Found a blossoming altar of Fedhas.
 11235 | D:11     | Noticed an oklob plant
 11235 | D:11     | Noticed an oklob plant
 11414 | D:11     | Identified Lam Fuur's Handbook of Axaxaxas mlö
 11421 | D:11     | Identified the Handbook of Plaster Cramp
 11518 | D:11     | Identified the +2 leather armour of the Land of Plenty
                  | {Str+2} (You found it on level 4 of the Dungeon)
 11547 | D:11     | Noticed a two-headed ogre
 11550 | D:11     | Killed a two-headed ogre
 11550 | D:11     | Reached skill level 7 in Invocations
 11669 | D:11     | Noticed a cyan ugly thing
 11674 | D:11     | Killed a cyan ugly thing
 11674 | D:11     | Reached skill level 7 in Fighting
 11674 | D:11     | Reached skill level 8 in Armour
 11764 | D:11     | Received a gift from Okawaru
 11953 | D:11     | Found a staircase to the Lair.
 12212 | Lair:1   | Entered Level 1 of the Lair of Beasts
 12363 | Lair:1   | Identified the +0 helmet "Wuafish" {rF+ Regen+} (You found
                  | it on level 1 of the Lair of Beasts)
 12420 | Lair:1   | Reached skill level 8 in Stealth
 12424 | Lair:1   | Reached XP level 12. HP: 90/91 MP: 20/22
 12474 | Lair:1   | Noticed Nergalle
 12510 | Lair:1   | Killed Nergalle
 12926 | Lair:1   | Reached skill level 7 in Short Blades
 12926 | Lair:1   | Reached skill level 7 in Long Blades
 12926 | Lair:1   | Reached skill level 7 in Axes
 12926 | Lair:1   | Reached skill level 7 in Maces & Flails
 12926 | Lair:1   | Reached skill level 7 in Polearms
 12926 | Lair:1   | Reached skill level 7 in Staves
 12926 | Lair:1   | Reached skill level 7 in Slings
 12926 | Lair:1   | Reached skill level 7 in Bows
 12926 | Lair:1   | Reached skill level 7 in Crossbows
 12926 | Lair:1   | Reached skill level 7 in Throwing
 12926 | Lair:1   | Reached skill level 7 in Dodging
 12926 | Lair:1   | Reached skill level 7 in Shields
 12926 | Lair:1   | Reached skill level 7 in Unarmed Combat
 12926 | Lair:1   | Reached skill level 7 in Spellcasting
 12926 | Lair:1   | Reached skill level 7 in Evocations
 13110 | Lair:1   | Received a gift from Okawaru
 13639 | Lair:2   | Found a shimmering altar of Xom.
 13659 | Lair:2   | Reached skill level 6 in Conjurations
 13659 | Lair:2   | Reached skill level 6 in Hexes
 13659 | Lair:2   | Reached skill level 6 in Charms
 13659 | Lair:2   | Reached skill level 6 in Summonings
 13659 | Lair:2   | Reached skill level 6 in Necromancy
 13659 | Lair:2   | Reached skill level 6 in Translocations
 13659 | Lair:2   | Reached skill level 6 in Transmutations
 13659 | Lair:2   | Reached skill level 6 in Fire Magic
 13659 | Lair:2   | Reached skill level 6 in Ice Magic
 13659 | Lair:2   | Reached skill level 6 in Air Magic
 13659 | Lair:2   | Reached skill level 6 in Earth Magic
 13693 | Lair:2   | Learned a level 2 spell: Blink
 13793 | Lair:2   | Found a staircase to the Snake Pit.
 13801 | Lair:2   | Reached skill level 8 in Invocations
 13838 | Lair:2   | Noticed a six-headed hydra
 13854 | Lair:2   | Killed a six-headed hydra
 14365 | Lair:3   | Reached skill level 8 in Fighting
 14441 | Lair:2   | HP: 27/92 [poisoned by a spiny frog]
 14446 | Lair:2   | HP: 27/92 [poisoned by a spiny frog]
 14451 | Lair:2   | HP: 27/92 [poisoned by a spiny frog]
 14725 | Lair:3   | Reached skill level 9 in Armour
 14776 | Lair:3   | Found a staircase to the Swamp.
 14809 | Lair:3   | Noticed a queen ant
 14842 | Lair:3   | Killed a queen ant
 14842 | Lair:3   | Reached XP level 13. HP: 47/98 MP: 16/24
 15080 | Lair:3   | Reached ****** piety under Okawaru
 15184 | Lair:3   | Reached skill level 9 in Stealth
 15420 | Lair:3   | Got a translucent lead ring
 15421 | Lair:3   | Identified the ring of Sethod {rPois Str+3} (You acquired
                  | it on level 3 of the Lair of Beasts)
 15686 | Lair:4   | Received a gift from Okawaru
 15695 | Lair:4   | Got a translucent broad axe {god gift}
 15696 | Lair:4   | Identified the +5 broad axe "Narog" {chop, +Inv MR+}
                  | (Okawaru gifted it to you on level 4 of the Lair of Beasts)
 15710 | Lair:4   | Found a labyrinth entrance.
 15724 | Lab      | Entered a labyrinth
 15756 | Lab      | Reached skill level 8 in Short Blades
 15756 | Lab      | Reached skill level 8 in Long Blades
 15756 | Lab      | Reached skill level 8 in Axes
 15756 | Lab      | Reached skill level 8 in Maces & Flails
 15756 | Lab      | Reached skill level 8 in Polearms
 15756 | Lab      | Reached skill level 8 in Staves
 15756 | Lab      | Reached skill level 8 in Slings
 15756 | Lab      | Reached skill level 8 in Bows
 15756 | Lab      | Reached skill level 8 in Crossbows
 15756 | Lab      | Reached skill level 8 in Throwing
 15756 | Lab      | Reached skill level 8 in Dodging
 15756 | Lab      | Reached skill level 8 in Shields
 15756 | Lab      | Reached skill level 8 in Unarmed Combat
 15756 | Lab      | Reached skill level 8 in Spellcasting
 15756 | Lab      | Reached skill level 8 in Evocations
 16172 | Lab      | Reached skill level 11 in Poison Magic
 16240 | Lab      | Identified the ring "Poomeum" {rC- MR++ Str+6 Dex+3 SInv}
 16240 | Lab      | Noticed a minotaur
 16246 | Lab      | Killed a minotaur
 16246 | Lab      | Reached skill level 9 in Invocations
 16258 | Lab      | Got an encrusted shortbow
 16258 | Lab      | Got a steaming leather armour
 16259 | Lab      | Identified the cursed +2 shortbow of Chance {flame, rElec
                  | rC++ Dex-5 Stlth+} (You found it in a labyrinth)
 16270 | Lab      | Identified the cursed +0 leather armour of Upecuisi {rN++
                  | MR+ Slay-5 SInv} (You found it in a labyrinth)
 16323 | Lair:4   | Received a gift from Okawaru
 16325 | Lair:4   | Upgraded the game from 0.23-a0-419-g0174fd8 to
                  | 0.23-a0-422-g30b1108
 16437 | Lair:4   | Noticed Josephine
 16446 | Lair:4   | Killed Josephine
 16464 | Lair:4   | Received a gift from Okawaru
 16536 | Lair:4   | Reached skill level 7 in Conjurations
 16536 | Lair:4   | Reached skill level 7 in Hexes
 16536 | Lair:4   | Reached skill level 7 in Charms
 16536 | Lair:4   | Reached skill level 7 in Summonings
 16536 | Lair:4   | Reached skill level 7 in Necromancy
 16536 | Lair:4   | Reached skill level 7 in Translocations
 16536 | Lair:4   | Reached skill level 7 in Transmutations
 16536 | Lair:4   | Reached skill level 7 in Fire Magic
 16536 | Lair:4   | Reached skill level 7 in Ice Magic
 16536 | Lair:4   | Reached skill level 7 in Air Magic
 16536 | Lair:4   | Reached skill level 7 in Earth Magic
 16590 | Lair:4   | Received a gift from Okawaru
 16593 | Lair:4   | Got a polished hunting sling {god gift}
 16596 | Lair:4   | Identified the +7 hunting sling "Dicoj" {velocity, Str+3
                  | Dex+5 Stlth-} (Okawaru gifted it to you on level 4 of the
                  | Lair of Beasts)
 16638 | Lair:4   | Noticed Snorg
 16654 | Lair:4   | Killed Snorg
 16754 | Lair:4   | Reached skill level 9 in Fighting
 17206 | Lair:4   | Reached XP level 14. HP: 94/108 MP: 21/26
 17251 | Lair:4   | Received a gift from Okawaru
 17284 | Lair:4   | Noticed a dire elephant
 17298 | Lair:4   | Killed a dire elephant
 17874 | Lair:5   | Reached skill level 10 in Armour
 17934 | Lair:5   | Reached skill level 9 in Short Blades
 17934 | Lair:5   | Reached skill level 9 in Long Blades
 17934 | Lair:5   | Reached skill level 9 in Axes
 17934 | Lair:5   | Reached skill level 9 in Maces & Flails
 17934 | Lair:5   | Reached skill level 9 in Polearms
 17934 | Lair:5   | Reached skill level 9 in Staves
 17934 | Lair:5   | Reached skill level 9 in Slings
 17934 | Lair:5   | Reached skill level 9 in Bows
 17934 | Lair:5   | Reached skill level 9 in Crossbows
 17934 | Lair:5   | Reached skill level 9 in Throwing
 17934 | Lair:5   | Reached skill level 9 in Dodging
 17934 | Lair:5   | Reached skill level 9 in Shields
 17934 | Lair:5   | Reached skill level 9 in Unarmed Combat
 17934 | Lair:5   | Reached skill level 9 in Spellcasting
 17934 | Lair:5   | Reached skill level 9 in Evocations
 18155 | Lair:5   | Received a gift from Okawaru
 18184 | Lair:5   | Identified a +2 pair of boots of running (Okawaru gifted it
                  | to you on level 5 of the Lair of Beasts)
 18184 | Lair:5   | --nice!
 18313 | Lair:5   | Reached skill level 10 in Stealth
 19047 | Lair:6   | Entered Level 6 of the Lair of Beasts
 19054 | Lair:6   | Reached skill level 10 in Invocations
 19224 | Lair:6   | Found a viscous altar of Jiyva.
 19229 | Lair:6   | Found a staircase to the Slime Pits.
 19470 | Lair:6   | Noticed Rupert
 19477 | Lair:6   | Killed Rupert
 20054 | Lair:6   | Found a large runed door.
 20055 | Lair:6   | Found a large runed door.
 20210 | Lair:6   | Received a gift from Okawaru
 20210 | Lair:6   | Reached skill level 8 in Conjurations
 20210 | Lair:6   | Reached skill level 8 in Hexes
 20210 | Lair:6   | Reached skill level 8 in Charms
 20210 | Lair:6   | Reached skill level 8 in Summonings
 20210 | Lair:6   | Reached skill level 8 in Necromancy
 20210 | Lair:6   | Reached skill level 8 in Translocations
 20210 | Lair:6   | Reached skill level 8 in Transmutations
 20210 | Lair:6   | Reached skill level 8 in Fire Magic
 20210 | Lair:6   | Reached skill level 8 in Ice Magic
 20210 | Lair:6   | Reached skill level 8 in Air Magic
 20210 | Lair:6   | Reached skill level 8 in Earth Magic
 20220 | Lair:6   | Reached XP level 15. HP: 35/115 MP: 4/28
 20222 | Lair:6   | HP: 26/115 [wyvern (10)]
 20473 | Lair:6   | Reached skill level 10 in Fighting
 21177 | Orc:1    | Entered Level 1 of the Orcish Mines
 21364 | Orc:2    | Entered Level 2 of the Orcish Mines
 21364 | Orc:2    | Found a staircase to the Elven Halls.
 21945 | Orc:1    | Found a large runed door.
 21946 | Orc:1    | Found a large runed door.
 22212 | Orc:1    | Noticed Tovarisch's ghost (journeyman DDNe)
 22240 | Orc:1    | Killed Tovarisch's ghost
 23378 | Orc:2    | Found Gucirr's Antique Armour Shoppe.
 23378 | Orc:2    | Found Tar Nogew's Distillery.
 23380 | Orc:2    | Found Ucidujil's Assorted Antiques.
 23380 | Orc:2    | Found Feamp's Book Shop.
 23423 | Orc:2    | Bought a potion of invisibility for 112 gold pieces
 23423 | Orc:2    | Bought a potion of cancellation for 112 gold pieces
 23423 | Orc:2    | Bought a potion of cancellation for 112 gold pieces
 23423 | Orc:2    | Bought a potion of heal wounds for 70 gold pieces
 23434 | Orc:2    | Bought a ring of protection for 72 gold pieces
 23436 | Orc:2    | --+5 = bargain!
 23642 | D:4      | Bought a runed cabochon ring for 160 gold pieces
 23642 | D:4      | Bought a glowing helmet for 240 gold pieces
 23642 | D:4      | Bought a pair of embroidered gloves for 240 gold pieces
 23953 | D:12     | Reached skill level 10 in Short Blades
 23953 | D:12     | Reached skill level 10 in Long Blades
 23953 | D:12     | Reached skill level 10 in Axes
 23953 | D:12     | Reached skill level 10 in Maces & Flails
 23953 | D:12     | Reached skill level 10 in Polearms
 23953 | D:12     | Reached skill level 10 in Staves
 23953 | D:12     | Reached skill level 10 in Slings
 23953 | D:12     | Reached skill level 10 in Bows
 23953 | D:12     | Reached skill level 10 in Crossbows
 23953 | D:12     | Reached skill level 10 in Throwing
 23953 | D:12     | Reached skill level 10 in Dodging
 23953 | D:12     | Reached skill level 10 in Shields
 23953 | D:12     | Reached skill level 10 in Unarmed Combat
 23953 | D:12     | Reached skill level 10 in Spellcasting
 23953 | D:12     | Reached skill level 10 in Evocations
 24591 | D:12     | Reached skill level 11 in Armour
 24762 | D:13     | Received a gift from Okawaru
 24778 | D:13     | Got a transparent demon whip {god gift}
 24792 | D:13     | Identified the +3 demon whip of Ucouvept {vamp, +Fly Str+4}
                  | (Okawaru gifted it to you on level 13 of the Dungeon)
 24825 | D:13     | Found a runed door.
 24838 | D:13     | Noticed Gew Heuq's ghost (journeyman BaGl)
 24865 | D:13     | Killed Gew Heuq's ghost
 24865 | D:13     | Reached skill level 11 in Invocations
 25056 | D:13     | Reached skill level 12 in Poison Magic
 25155 | D:13     | Reached skill level 11 in Stealth
 25676 | D:14     | Learned a level 2 spell: Swiftness
 25720 | D:14     | Found a runed door.
 25740 | D:14     | Reached XP level 16. HP: 124/124 MP: 30/30
 25981 | D:14     | Received a gift from Okawaru
 26265 | D:14     | Received a gift from Okawaru
 26493 | D:14     | Found a gate to the Vaults.
 27293 | D:14     | Reached skill level 9 in Conjurations
 27293 | D:14     | Reached skill level 9 in Hexes
 27293 | D:14     | Reached skill level 9 in Charms
 27293 | D:14     | Reached skill level 9 in Summonings
 27293 | D:14     | Reached skill level 9 in Necromancy
 27293 | D:14     | Reached skill level 9 in Translocations
 27293 | D:14     | Reached skill level 9 in Transmutations
 27293 | D:14     | Reached skill level 9 in Fire Magic
 27293 | D:14     | Reached skill level 9 in Ice Magic
 27293 | D:14     | Reached skill level 9 in Air Magic
 27293 | D:14     | Reached skill level 9 in Earth Magic
 27651 | D:14     | Reached skill level 11 in Fighting
 27673 | D:14     | HP: 33/123 [poisoned by a death drake (dark miasma)]
 27867 | D:14     | Received a gift from Okawaru
 27875 | D:14     | Identified the +8 pearl dragon scales of Recklessness {rC+
                  | rN+ Slay+2} (You found it on level 14 of the Dungeon)
 27876 | D:14     | --whoah nice squared!
 28415 | D:14     | Learned a level 4 spell: Airstrike
 28419 | D:14     | Learned a level 3 spell: Conjure Flame
 28424 | D:14     | Learned a level 4 spell: Cause Fear
 28492 | D:15     | Entered Level 15 of the Dungeon
 28570 | D:15     | Found a sacrificial altar of Ru.
 28740 | D:15     | Found a staircase to the Depths.
 28887 | D:15     | Received a gift from Okawaru
 28923 | D:15     | Identified the +5 hand crossbow of Impermanence {flame,
                  | *Corrode rPois Str+3} (You found it on level 15 of the
                  | Dungeon)
 29190 | D:15     | Reached skill level 11 in Short Blades
 29190 | D:15     | Reached skill level 11 in Long Blades
 29190 | D:15     | Reached skill level 11 in Axes
 29190 | D:15     | Reached skill level 11 in Maces & Flails
 29190 | D:15     | Reached skill level 11 in Polearms
 29190 | D:15     | Reached skill level 11 in Staves
 29190 | D:15     | Reached skill level 11 in Slings
 29190 | D:15     | Reached skill level 11 in Bows
 29190 | D:15     | Reached skill level 11 in Crossbows
 29190 | D:15     | Reached skill level 11 in Throwing
 29190 | D:15     | Reached skill level 11 in Dodging
 29190 | D:15     | Reached skill level 11 in Shields
 29190 | D:15     | Reached skill level 11 in Unarmed Combat
 29190 | D:15     | Reached skill level 11 in Spellcasting
 29190 | D:15     | Reached skill level 11 in Evocations
 29268 | D:15     | Received a gift from Okawaru
 29705 | Swamp:1  | Entered Level 1 of the Swamp
 29805 | Swamp:1  | Got a slimy scimitar
 29829 | Swamp:1  | Found a frozen archway.
 29858 | IceCv    | Entered an ice cave
 29925 | IceCv    | Reached XP level 17. HP: 107/132 MP: 26/32
 30070 | IceCv    | Received a gift from Okawaru
 30372 | IceCv    | Reached skill level 12 in Invocations
 30937 | Swamp:1  | Reached skill level 12 in Armour
 31216 | Swamp:1  | Reached skill level 12 in Fighting
 31611 | Swamp:1  | Identified the +10 scimitar of Yrakhlergh {venom, rF+} (You
                  | found it on level 1 of the Swamp)
 31612 | Swamp:1  | --not bad...
 31612 | Swamp:1  | Upgraded the game from 0.23-a0-422-g30b1108 to
                  | 0.23-a0-435-g79ed067
 32372 | Swamp:2  | Reached skill level 12 in Stealth
 33123 | Swamp:3  | Found a large runed door.
 33124 | Swamp:3  | Found a large runed door.
 33128 | Swamp:3  | Noticed Taipeumi's ghost (adept FoFi)
 33131 | Swamp:3  | Found the +8 mithril axe "Arga" {speed, MR+}
 33345 | Swamp:3  | Killed Taipeumi's ghost
 33345 | Swamp:3  | Received a gift from Okawaru
 33354 | Swamp:3  | --nice axe!
 33358 | Swamp:3  | Identified the cursed +2 shortbow of Eternal Vigilance
                  | {venom, rF+} (You found it on level 3 of the Swamp)
 33621 | Snake:1  | Entered Level 1 of the Snake Pit
 33659 | Snake:1  | Received a gift from Okawaru
 33771 | Snake:1  | Identified the +2 arbalest of Incongruity {elec, rN+ Int+7
                  | SInv} (You found it on level 1 of the Snake Pit)
 34224 | Snake:1  | Received a gift from Okawaru
 34225 | Snake:1  | Got a slimy chain mail {god gift}
 34238 | Snake:1  | Identified the +2 chain mail of the Good {rPois Str-3 Dex+6
                  | Slay-4} (Okawaru gifted it to you on level 1 of the Snake
                  | Pit)
 34767 | Snake:2  | Reached skill level 10 in Conjurations
 34767 | Snake:2  | Reached skill level 10 in Hexes
 34767 | Snake:2  | Reached skill level 10 in Charms
 34767 | Snake:2  | Reached skill level 10 in Summonings
 34767 | Snake:2  | Reached skill level 10 in Necromancy
 34767 | Snake:2  | Reached skill level 10 in Translocations
 34767 | Snake:2  | Reached skill level 10 in Transmutations
 34767 | Snake:2  | Reached skill level 10 in Fire Magic
 34767 | Snake:2  | Reached skill level 10 in Ice Magic
 34767 | Snake:2  | Reached skill level 10 in Air Magic
 34767 | Snake:2  | Reached skill level 10 in Earth Magic
 35002 | Snake:2  | Reached XP level 18. HP: 142/142 MP: 33/33
 35600 | Snake:3  | Reached skill level 13 in Fighting
 35722 | Snake:3  | Received a gift from Okawaru
 35789 | Snake:3  | Reached skill level 13 in Poison Magic
 36024 | Snake:3  | Reached skill level 12 in Short Blades
 36024 | Snake:3  | Reached skill level 12 in Long Blades
 36024 | Snake:3  | Reached skill level 12 in Axes
 36024 | Snake:3  | Reached skill level 12 in Maces & Flails
 36024 | Snake:3  | Reached skill level 12 in Polearms
 36024 | Snake:3  | Reached skill level 12 in Staves
 36024 | Snake:3  | Reached skill level 12 in Slings
 36024 | Snake:3  | Reached skill level 12 in Bows
 36024 | Snake:3  | Reached skill level 12 in Crossbows
 36024 | Snake:3  | Reached skill level 12 in Throwing
 36024 | Snake:3  | Reached skill level 12 in Dodging
 36024 | Snake:3  | Reached skill level 12 in Shields
 36024 | Snake:3  | Reached skill level 12 in Unarmed Combat
 36024 | Snake:3  | Reached skill level 12 in Spellcasting
 36024 | Snake:3  | Reached skill level 12 in Evocations
 36272 | Snake:3  | Reached skill level 13 in Invocations
 36708 | Snake:3  | Identified the +0 pair of gloves of Ramirec {-Cast +Inv rF+
                  | Int+2} (You found it on level 3 of the Snake Pit)
 37393 | Swamp:4  | Entered Level 4 of the Swamp
 37528 | Swamp:4  | Got a faintly glowing bronze ring
 37529 | Swamp:4  | Identified the ring of Abi Util {rPois Str+3 Int+3 Dex+3
                  | Stlth-} (You found it on level 4 of the Swamp)
 38238 | Swamp:4  | Noticed the 27-headed Lernaean hydra
 38285 | Swamp:4  | Killed the 27-headed Lernaean hydra
 38304 | Swamp:4  | Received a gift from Okawaru
 38311 | Swamp:4  | Reached skill level 13 in Armour
 38396 | Swamp:4  | Received a gift from Okawaru
 38408 | Swamp:4  | Got a decaying rune of Zot
 38894 | Snake:4  | Entered Level 4 of the Snake Pit
 38939 | Snake:3  | Reached XP level 19. HP: 151/151 MP: 35/35
 39209 | Snake:4  | Reached skill level 14 in Fighting
 39225 | Snake:4  | Reached skill level 13 in Stealth
 39255 | Snake:4  | Noticed Kirke
 39264 | Snake:4  | Killed Kirke
 39766 | Snake:4  | Received a gift from Okawaru
 40704 | Snake:4  | Reached skill level 11 in Conjurations
 40704 | Snake:4  | Reached skill level 11 in Hexes
 40704 | Snake:4  | Reached skill level 11 in Charms
 40704 | Snake:4  | Reached skill level 11 in Summonings
 40704 | Snake:4  | Reached skill level 11 in Necromancy
 40704 | Snake:4  | Reached skill level 11 in Translocations
 40704 | Snake:4  | Reached skill level 11 in Transmutations
 40704 | Snake:4  | Reached skill level 11 in Fire Magic
 40704 | Snake:4  | Reached skill level 11 in Ice Magic
 40704 | Snake:4  | Reached skill level 11 in Air Magic
 40704 | Snake:4  | Reached skill level 11 in Earth Magic
 40820 | Snake:4  | Got a serpentine rune of Zot
 41183 | Lair:1   | Upgraded the game from 0.23-a0-435-g79ed067 to
                  | 0.23-a0-436-g57debff
 41353 | Vaults:1 | Entered Level 1 of the Vaults
 41363 | Vaults:1 | Received a gift from Okawaru
 41479 | Vaults:1 | Received a gift from Okawaru
 41492 | Vaults:1 | Got a crude crystal plate armour {god gift}
 41496 | Vaults:1 | Identified the +4 crystal plate armour of Fude {rN+ rCorr
                  | Int-4} (Okawaru gifted it to you on level 1 of the Vaults)
 41497 | Vaults:1 | --Meh!
 41922 | Vaults:1 | Reached XP level 20. HP: 159/161 MP: 34/36
 41929 | Vaults:1 | Learned a level 5 spell: Borgnjor's Vile Clutch
 42092 | Vaults:1 | Reached skill level 14 in Invocations
 42097 | Vaults:1 | Reached skill level 13 in Short Blades
 42097 | Vaults:1 | Reached skill level 13 in Long Blades
 42097 | Vaults:1 | Reached skill level 13 in Axes
 42097 | Vaults:1 | Reached skill level 13 in Maces & Flails
 42097 | Vaults:1 | Reached skill level 13 in Polearms
 42097 | Vaults:1 | Reached skill level 13 in Staves
 42097 | Vaults:1 | Reached skill level 13 in Slings
 42097 | Vaults:1 | Reached skill level 13 in Bows
 42097 | Vaults:1 | Reached skill level 13 in Crossbows
 42097 | Vaults:1 | Reached skill level 13 in Throwing
 42097 | Vaults:1 | Reached skill level 13 in Dodging
 42097 | Vaults:1 | Reached skill level 13 in Shields
 42097 | Vaults:1 | Reached skill level 13 in Unarmed Combat
 42097 | Vaults:1 | Reached skill level 13 in Spellcasting
 42097 | Vaults:1 | Reached skill level 13 in Evocations
 42103 | Vaults:1 | Reached skill level 15 in Fighting
 43081 | Vaults:2 | Noticed Margery
 43100 | Vaults:2 | HP: 40/162 [hell knight/+4 glaive of chopping[Margery]
                  | (11)]
 43105 | Vaults:2 | Killed Margery
 43107 | Vaults:2 | HP: 25/162 [hell knight/+4 glaive of chopping[Margery]
                  | (16)]
 43112 | Vaults:2 | HP: 34/162 [hell knight/+4 glaive of chopping[Margery]
                  | (19)]
 43714 | Vaults:2 | Received a gift from Okawaru
 43715 | Vaults:2 | Got a twisted double sword {god gift}
 43847 | Vaults:2 | Identified the +5 double sword "Haotouco" {holy, *Corrode
                  | +Blink Str+3 Int+5} (Okawaru gifted it to you on level 2 of
                  | the Vaults)
 43880 | Vaults:2 | Found a staircase to the Crypt.
 43880 | Vaults:2 | Found an ancient bone altar of Kikubaaqudgha.
 43896 | Vaults:2 | Found a basalt altar of Yredelemnul.
 44075 | Vaults:2 | Reached skill level 14 in Armour
 44437 | Vaults:2 | Reached skill level 14 in Poison Magic
 44468 | Vaults:2 | Reached skill level 14 in Stealth
 44521 | Vaults:2 | Received a gift from Okawaru
 44642 | Vaults:2 | Identified the +10 flail of the Forsaken Ghosts {venom, rF-
                  | MR+++ SInv}
 44646 | Vaults:2 | Received a gift from Okawaru
 44650 | Vaults:2 | Reached XP level 21. HP: 137/170 MP: 38/38
 45320 | Vaults:3 | Reached skill level 16 in Fighting
 45866 | Vaults:3 | Noticed Jory
 45879 | Vaults:3 | Killed Jory
 46000 | Vaults:3 | Noticed Xtahua
 46015 | Vaults:3 | Killed Xtahua
 46301 | Vaults:3 | Reached skill level 15 in Invocations
 46328 | Vaults:3 | Reached skill level 12 in Conjurations
 46328 | Vaults:3 | Reached skill level 12 in Hexes
 46328 | Vaults:3 | Reached skill level 12 in Charms
 46328 | Vaults:3 | Reached skill level 12 in Summonings
 46328 | Vaults:3 | Reached skill level 12 in Necromancy
 46328 | Vaults:3 | Reached skill level 12 in Translocations
 46328 | Vaults:3 | Reached skill level 12 in Transmutations
 46328 | Vaults:3 | Reached skill level 12 in Fire Magic
 46328 | Vaults:3 | Reached skill level 12 in Ice Magic
 46328 | Vaults:3 | Reached skill level 12 in Air Magic
 46328 | Vaults:3 | Reached skill level 12 in Earth Magic
 46333 | Vaults:3 | Received a gift from Okawaru
 46469 | Vaults:3 | Reached skill level 14 in Short Blades
 46469 | Vaults:3 | Reached skill level 14 in Long Blades
 46469 | Vaults:3 | Reached skill level 14 in Axes
 46469 | Vaults:3 | Reached skill level 14 in Maces & Flails
 46469 | Vaults:3 | Reached skill level 14 in Polearms
 46469 | Vaults:3 | Reached skill level 14 in Staves
 46469 | Vaults:3 | Reached skill level 14 in Slings
 46469 | Vaults:3 | Reached skill level 14 in Bows
 46469 | Vaults:3 | Reached skill level 14 in Crossbows
 46469 | Vaults:3 | Reached skill level 14 in Throwing
 46469 | Vaults:3 | Reached skill level 14 in Dodging
 46469 | Vaults:3 | Reached skill level 14 in Shields
 46469 | Vaults:3 | Reached skill level 14 in Unarmed Combat
 46469 | Vaults:3 | Reached skill level 14 in Spellcasting
 46469 | Vaults:3 | Reached skill level 14 in Evocations
 46699 | Vaults:3 | Found Ciam Bul's Magic Scroll Boutique.
 47796 | Vaults:4 | Reached XP level 22. HP: 174/180 MP: 38/40
 48437 | Vaults:4 | Reached skill level 17 in Fighting
 48899 | Vaults:4 | Received a gift from Okawaru
 48911 | Vaults:4 | Got a pair of brightly glowing gloves {god gift}
 48912 | Vaults:4 | Identified the +1 pair of gloves "Qylusuyrch" {-Tele rElec
                  | rC+++ Str-3} (Okawaru gifted it to you on level 4 of the
                  | Vaults)
 49074 | Vaults:4 | Learned a level 1 spell: Summon Butterflies
 49080 | Vaults:4 | Learned a level 5 spell: Summon Mana Viper
 49810 | Crypt:1  | Entered Level 1 of the Crypt
 50757 | Crypt:1  | Reached skill level 15 in Armour
 51394 | Crypt:2  | Reached skill level 15 in Stealth
 52221 | Crypt:3  | Entered Level 3 of the Crypt
 52404 | Crypt:3  | Received a gift from Okawaru
 52587 | Crypt:3  | Received a gift from Okawaru
 52735 | Crypt:3  | Found a staircase to the Tomb.
 52893 | Crypt:3  | Found a basalt altar of Yredelemnul.
 53119 | Crypt:3  | Found the +5 demon whip "Spellbinder" {antimagic, MR+}
 53313 | Crypt:3  | Received a gift from Okawaru
 53598 | Crypt:3  | Reached XP level 23. HP: 188/188 MP: 41/41
 53640 | Crypt:3  | Noticed a curse toe
 53640 | Crypt:3  | Noticed Saint Roka
 53663 | Crypt:3  | HP: 55/188 [Saint Roka/divine providence (11)]
 53868 | Crypt:3  | Killed Saint Roka
 53868 | Crypt:3  | Received a gift from Okawaru
 53921 | Crypt:3  | Killed a curse toe
 53921 | Crypt:3  | Received a gift from Okawaru
 54090 | Crypt:3  | Noticed an ancient lich
 54126 | Crypt:3  | Killed an ancient lich
 54126 | Crypt:3  | Received a gift from Okawaru
 54189 | Crypt:3  | Reached skill level 16 in Invocations
 54246 | Crypt:3  | Got a brightly glowing golden ring
 54254 | Crypt:3  | Identified the ring "Tiapteush" {-Tele +Fly rElec rN+ MP+9
                  | Int-3} (You found it on level 3 of the Crypt)
 54257 | Crypt:3  | Got a warped turquoise ring
 54258 | Crypt:3  | Identified the ring of Patience {rC+ rN+} (You found it on
                  | level 3 of the Crypt)
 54624 | Lair:1   | Upgraded the game from 0.23-a0-436-g57debff to
                  | 0.23-a0-445-g768d57b
 54631 | Lair:1   | Learned a level 6 spell: Deflect Missiles
 54783 | Elf:1    | Entered Level 1 of the Elven Halls
 54890 | Elf:1    | Found a white marble altar of Elyvilon.
 54891 | Elf:1    | Found a ruined gateway.
 54891 | Elf:1    | Found a glowing golden altar of the Shining One.
 54920 | Elf:1    | Reached skill level 18 in Fighting
 54924 | Elf:1    | Received a gift from Okawaru
 54929 | Elf:1    | Found a glowing silver altar of Zin.
 54949 | Desolati | Entered the Desolation of Salt
 54985 | Desolati | Found the +5 pair of quick blades "Gyre" and "Gimble"
                  | {pierce, Dex-3}
 55057 | Desolati | Reached skill level 15 in Poison Magic
 55065 | Desolati | Identified the Reference Book on Cankerous Talismans
 55071 | Desolati | Learned a level 3 spell: Spectral Weapon
 55212 | Desolati | Received a gift from Okawaru
 55244 | Desolati | Identified the Reference Book on Poisonous Stolen Souls
 55255 | Desolati | Got a pair of slimy boots
 55493 | Desolati | Reached skill level 15 in Short Blades
 55493 | Desolati | Reached skill level 15 in Long Blades
 55493 | Desolati | Reached skill level 15 in Axes
 55493 | Desolati | Reached skill level 15 in Maces & Flails
 55493 | Desolati | Reached skill level 15 in Polearms
 55493 | Desolati | Reached skill level 15 in Staves
 55493 | Desolati | Reached skill level 15 in Slings
 55493 | Desolati | Reached skill level 15 in Bows
 55493 | Desolati | Reached skill level 15 in Crossbows
 55493 | Desolati | Reached skill level 15 in Throwing
 55493 | Desolati | Reached skill level 15 in Dodging
 55493 | Desolati | Reached skill level 15 in Shields
 55493 | Desolati | Reached skill level 15 in Unarmed Combat
 55493 | Desolati | Reached skill level 15 in Spellcasting
 55493 | Desolati | Reached skill level 15 in Evocations
 55721 | Desolati | Learned a level 3 spell: Regeneration
 55727 | Desolati | Got a brightly glowing brass ring
 55768 | Desolati | Got brightly glowing fire dragon scales
 55772 | Desolati | Got a heavily runed plate armour
 55981 | Desolati | Identified the +0 pair of boots "Tunwoama" {rPois Slay+2}
                  | (You found it in the Desolation of Salt)
 56016 | Desolati | Identified the +2 fire dragon scales "Fiukad" {rF++ rC-
                  | Str-2 Dex+4 SInv} (You found it in the Desolation of Salt)
 56026 | Desolati | Identified the +1 plate armour "Jofeed" {Int+6} (You found
                  | it in the Desolation of Salt)
 56047 | Elf:1    | Identified the ring "Kajawk" {*Tele Str+3} (You found it in
                  | the Desolation of Salt)
 56089 | Elf:1    | Identified the cursed +0 robe of Pathos {-Tele rF++ MR+}
 56098 | Elf:1    | Reached skill level 13 in Conjurations
 56098 | Elf:1    | Reached skill level 13 in Hexes
 56098 | Elf:1    | Reached skill level 13 in Charms
 56098 | Elf:1    | Reached skill level 13 in Summonings
 56098 | Elf:1    | Reached skill level 13 in Necromancy
 56098 | Elf:1    | Reached skill level 13 in Translocations
 56098 | Elf:1    | Reached skill level 13 in Transmutations
 56098 | Elf:1    | Reached skill level 13 in Fire Magic
 56098 | Elf:1    | Reached skill level 13 in Ice Magic
 56098 | Elf:1    | Reached skill level 13 in Air Magic
 56098 | Elf:1    | Reached skill level 13 in Earth Magic
 56201 | Elf:1    | Received a gift from Okawaru
 56202 | Elf:1    | Got a brightly glowing plate armour {god gift}
 56352 | Elf:1    | Identified the +5 plate armour "Cutuzxe" {Str+6} (Okawaru
                  | gifted it to you on level 1 of the Elven Halls)
 57549 | Elf:2    | Found Mefuseil's Gadget Emporium.
 57552 | Elf:2    | Found Loniytt's Jewellery Boutique.
 57552 | Elf:2    | Found Ejeuff's Jewellery Boutique.
 57840 | Elf:2    | Reached XP level 24. HP: 160/198 MP: 38/42
 58019 | Elf:2    | Found a runed door.
 58046 | Elf:2    | Found a runed door.
 58157 | Elf:2    | Noticed Asterion
 58483 | Elf:2    | Received a gift from Okawaru
 58509 | Elf:2    | Killed Asterion
 59061 | Elf:3    | Entered Level 3 of the Elven Halls
 59224 | Elf:3    | Received a gift from Okawaru
 59448 | Elf:3    | Found Lomeir's Book Emporium.
 59450 | Elf:3    | Found Qeidaa's Weapon Shoppe.
 59452 | Elf:3    | Found Vant's Magic Scroll Emporium.
 59460 | Elf:3    | Bought a scroll of blinking for 135 gold pieces
 59485 | Elf:3    | Found Urowk's Antique Armour Emporium.
 59698 | Elf:3    | Received a gift from Okawaru
 59698 | Elf:3    | Reached skill level 16 in Armour
 59699 | Elf:3    | Got a pair of pitted boots {god gift}
 59700 | Elf:3    | Identified the +2 pair of boots of Zeqounon {rF- Str+8
                  | Stlth+} (Okawaru gifted it to you on level 3 of the Elven
                  | Halls)
 59832 | Elf:2    | Reached skill level 19 in Fighting
 59845 | Elf:3    | Reached skill level 16 in Stealth
 60255 | Elf:3    | Identified the +1 halberd of Neqafecs {speed, rN+}
 60406 | Elf:3    | Identified the +7 scythe of the King {slice, rN++ MR+}
 60448 | Elf:3    | Got a bloodstained battleaxe
 60454 | Elf:3    | Identified the +7 battleaxe of the Absolute Madman
                  | {distort, +Inv rPois rC+ Stlth+} (You found it on level 3
                  | of the Elven Halls)
 60502 | Elf:3    | Identified the Guide on Black Rites
 60555 | Elf:3    | Identified the Grimoire of Confrontation and Augmentations
 60618 | Elf:3    | Identified Toesch Yfro's Catalogue of Bewitchment
 60752 | Elf:3    | Bought a scroll of identify for 36 gold pieces
 60752 | Elf:3    | Bought a scroll of identify for 36 gold pieces
 60752 | Elf:3    | Bought a scroll of summoning for 171 gold pieces
 61163 | Depths:1 | Entered Level 1 of the Depths
 61388 | Depths:1 | Reached skill level 17 in Invocations
 61406 | Depths:1 | Found Koug's Jewellery Emporium.
 61441 | Depths:1 | Found Usuphepn's Gadget Emporium.
 61441 | Depths:1 | Found Onyguje's Assorted Antiques.
 61494 | Depths:1 | Found Joicef's Food Shoppe.
 61720 | Depths:1 | Found Poseang's Blood Bar.
 61725 | Depths:1 | Received a gift from Okawaru
 61725 | Depths:1 | Reached XP level 25. HP: 207/207 MP: 42/42
 61879 | Depths:1 | Found a gateway to Hell.
 62053 | Depths:2 | Reached skill level 16 in Long Blades
 62108 | Depths:2 | Learned a level 6 spell: Freezing Cloud
 62603 | Depths:2 | Found a one-way gate to the infinite horrors of the Abyss.
 62971 | Depths:2 | Received a gift from Okawaru
 63367 | Depths:3 | Reached skill level 16 in Short Blades
 63367 | Depths:3 | Reached skill level 16 in Axes
 63367 | Depths:3 | Reached skill level 16 in Maces & Flails
 63367 | Depths:3 | Reached skill level 16 in Polearms
 63367 | Depths:3 | Reached skill level 16 in Staves
 63367 | Depths:3 | Reached skill level 16 in Slings
 63367 | Depths:3 | Reached skill level 16 in Bows
 63367 | Depths:3 | Reached skill level 16 in Crossbows
 63367 | Depths:3 | Reached skill level 16 in Throwing
 63367 | Depths:3 | Reached skill level 16 in Dodging
 63367 | Depths:3 | Reached skill level 16 in Shields
 63367 | Depths:3 | Reached skill level 16 in Unarmed Combat
 63367 | Depths:3 | Reached skill level 16 in Spellcasting
 63367 | Depths:3 | Reached skill level 16 in Evocations
 63728 | Depths:3 | Found a one-way gate leading to the halls of Pandemonium.
 63981 | Depths:3 | Found a magical portal.
 63995 | WizLab   | Entered Wucad Mu's Monastery
 64223 | WizLab   | Found the +9 staff of Wucad Mu {channel}
 64353 | WizLab   | Reached XP level 26. HP: 193/216 MP: 41/43
 64470 | Depths:3 | Reached skill level 14 in Conjurations
 64470 | Depths:3 | Reached skill level 14 in Hexes
 64470 | Depths:3 | Reached skill level 14 in Charms
 64470 | Depths:3 | Reached skill level 14 in Summonings
 64470 | Depths:3 | Reached skill level 14 in Necromancy
 64470 | Depths:3 | Reached skill level 14 in Translocations
 64470 | Depths:3 | Reached skill level 14 in Transmutations
 64470 | Depths:3 | Reached skill level 14 in Fire Magic
 64470 | Depths:3 | Reached skill level 14 in Ice Magic
 64470 | Depths:3 | Reached skill level 14 in Air Magic
 64470 | Depths:3 | Reached skill level 14 in Earth Magic
 65354 | Depths:3 | Found a gateway to a ziggurat.
 65448 | Depths:3 | Reached skill level 20 in Fighting
 65674 | Depths:3 | Found the +6 arbalest "Damnation" {damnation}
 65906 | Depths:4 | Noticed a juggernaut
 65959 | Depths:4 | Killed a juggernaut
 65959 | Depths:4 | Reached skill level 16 in Poison Magic
 66077 | Depths:4 | Received a gift from Okawaru
 66080 | Depths:4 | Reached skill level 17 in Long Blades
 66083 | Depths:4 | Paralysed by a floating eye for 3 turns
 66253 | Depths:4 | Identified the +1 plate armour of the Chupacabra {Str+4
                  | Int+4 Dex+2} (You found it on level 4 of the Depths)
 66444 | Depths:4 | Found Matucw's Antique Armour Shoppe.
 66484 | Depths:4 | Reached XP level 27. HP: 207/224 MP: 38/43
 66498 | Depths:4 | Received a gift from Okawaru
 66512 | Depths:4 | Noticed Louise
 66526 | Depths:4 | Killed Louise
 66627 | Depths:4 | Reached skill level 17 in Armour
 67045 | Depths:5 | Entered Level 5 of the Depths
 67079 | Depths:4 | Reached skill level 17 in Stealth
 68210 | Depths:5 | Found a burning altar of Makhleb.
 68403 | Depths:5 | Reached skill level 18 in Invocations
 68609 | Depths:5 | Found a glowing silver altar of Zin.
 68908 | Depths:5 | Upgraded the game from 0.23-a0-445-g768d57b to
                  | 0.23-a0-446-g036aa52
 69117 | Depths:5 | Found a shadowy altar of Dithmenos.
 69133 | Depths:5 | Paralysed by a floating eye for 2 turns
 69759 | Depths:5 | Found a white marble altar of Elyvilon.
 69791 | Depths:5 | Reached skill level 18 in Long Blades
 69896 | Depths:5 | Received a gift from Okawaru
 69897 | Depths:5 | Got a jewelled cloak {god gift}
 69929 | Depths:5 | Identified the -6 cloak "Ynginiw" {SInv} (Okawaru gifted it
                  | to you on level 5 of the Depths)
 70162 | Depths:5 | Reached skill level 21 in Fighting
 70260 | Depths:5 | Reached skill level 17 in Short Blades
 70260 | Depths:5 | Reached skill level 17 in Axes
 70260 | Depths:5 | Reached skill level 17 in Maces & Flails
 70260 | Depths:5 | Reached skill level 17 in Polearms
 70260 | Depths:5 | Reached skill level 17 in Staves
 70260 | Depths:5 | Reached skill level 17 in Slings
 70260 | Depths:5 | Reached skill level 17 in Bows
 70260 | Depths:5 | Reached skill level 17 in Crossbows
 70260 | Depths:5 | Reached skill level 17 in Throwing
 70260 | Depths:5 | Reached skill level 17 in Dodging
 70260 | Depths:5 | Reached skill level 17 in Shields
 70260 | Depths:5 | Reached skill level 17 in Unarmed Combat
 70260 | Depths:5 | Reached skill level 17 in Spellcasting
 70260 | Depths:5 | Reached skill level 17 in Evocations
 70669 | Depths:5 | Found a gate to the Realm of Zot.
 71489 | Vaults:5 | Entered Level 5 of the Vaults
 72024 | Vaults:5 | Noticed an ancient lich
 72035 | Vaults:5 | Killed an ancient lich
 72116 | Vaults:5 | Received a gift from Okawaru
 72195 | Vaults:5 | Got a silver rune of Zot
 72411 | Vaults:5 | Received a gift from Okawaru
 72414 | Vaults:5 | Reached skill level 15 in Conjurations
 72414 | Vaults:5 | Reached skill level 15 in Hexes
 72414 | Vaults:5 | Reached skill level 15 in Charms
 72414 | Vaults:5 | Reached skill level 15 in Summonings
 72414 | Vaults:5 | Reached skill level 15 in Necromancy
 72414 | Vaults:5 | Reached skill level 15 in Translocations
 72414 | Vaults:5 | Reached skill level 15 in Transmutations
 72414 | Vaults:5 | Reached skill level 15 in Fire Magic
 72414 | Vaults:5 | Reached skill level 15 in Ice Magic
 72414 | Vaults:5 | Reached skill level 15 in Air Magic
 72414 | Vaults:5 | Reached skill level 15 in Earth Magic
 72475 | Vaults:5 | Got a pair of faintly glowing gloves
 72478 | Vaults:5 | Identified the +3 pair of gloves of Esulemio {MR+} (You
                  | found it on level 5 of the Vaults)
 72821 | Vaults:5 | Reached skill level 19 in Long Blades
 72849 | Vaults:5 | Identified the Collected Works on Virous Transformation
 73035 | Vaults:5 | Identified the Tome of Transformation and Sinister Secrets
 73304 | Vaults:5 | Reached skill level 18 in Armour
 73498 | Vaults:5 | Reached skill level 18 in Stealth
 73536 | Vaults:5 | Reached skill level 19 in Invocations
 73575 | Vaults:5 | Reached skill level 17 in Poison Magic
 73593 | Vaults:5 | Reached skill level 22 in Fighting
 73595 | Vaults:5 | Received a gift from Okawaru
 74009 | Vaults:5 | Learned a level 4 spell: Summon Lightning Spire
 74726 | Slime:1  | Entered Level 1 of the Pits of Slime
 74908 | Slime:3  | Noticed Dissolution
 75016 | Slime:2  | Gained mutation: You tend to lose your temper in combat. [a
                  | shining eye]
 75026 | Slime:2  | Killed Dissolution
 75250 | Slime:5  | Entered Level 5 of the Pits of Slime
 75918 | Slime:5  | Found a viscous altar of Jiyva.
 75924 | Slime:5  | Noticed the Royal Jelly
 75958 | Slime:5  | Killed the Royal Jelly
 75958 | Slime:5  | Received a gift from Okawaru
 75958 | Slime:5  | Reached skill level 18 in Short Blades
 75958 | Slime:5  | Reached skill level 18 in Axes
 75958 | Slime:5  | Reached skill level 18 in Maces & Flails
 75958 | Slime:5  | Reached skill level 18 in Polearms
 75958 | Slime:5  | Reached skill level 18 in Staves
 75958 | Slime:5  | Reached skill level 18 in Slings
 75958 | Slime:5  | Reached skill level 18 in Bows
 75958 | Slime:5  | Reached skill level 18 in Crossbows
 75958 | Slime:5  | Reached skill level 18 in Throwing
 75958 | Slime:5  | Reached skill level 18 in Dodging
 75958 | Slime:5  | Reached skill level 18 in Shields
 75958 | Slime:5  | Reached skill level 18 in Unarmed Combat
 75958 | Slime:5  | Reached skill level 18 in Spellcasting
 75958 | Slime:5  | Reached skill level 18 in Evocations
 76019 | Slime:5  | Got a slimy rune of Zot
 76021 | Slime:5  | Got a heavily runed turquoise ring
 76061 | Slime:5  | Learned a level 6 spell: Shadow Creatures
 76077 | Slime:5  | Got a heavily runed copper ring
 76081 | Slime:5  | Got a bloodstained lajatang
 76091 | Slime:5  | Identified the cursed +1 lajatang of the Warrior-Mage
                  | {slice, rN+ Int+3} (You found it on level 5 of the Pits of
                  | Slime)
 76128 | Slime:5  | Identified the ring of Xom's Passing Interest {*Tele rPois
                  | rC+ Dex+4 Stlth+} (You found it on level 5 of the Pits of
                  | Slime)
 76130 | Slime:5  | Identified the ring "Mumamawk" {+Fly rElec} (You found it
                  | on level 5 of the Pits of Slime)
 76155 | Slime:5  | Got a steaming golden amulet
 76156 | Slime:5  | Identified the amulet of the Aged Dreams {Reflect rElec
                  | MP+9 Slay+3 SH+3 SInv} (You found it on level 5 of the Pits
                  | of Slime)
 76191 | Slime:5  | Identified the +7 war axe of Sejus {freeze, *Corrode rElec
                  | rN+ Str+4} (You found it on level 5 of the Pits of Slime)
 76420 | Lair:1   | Upgraded the game from 0.23-a0-446-g036aa52 to
                  | 0.23-a0-448-g1c01f63
 76691 | Pan      | Entered Pandemonium
 76814 | Pan      | Reached skill level 20 in Long Blades
 76928 | Pan      | Identified the +0 large shield of the Trees {rPois Dex+2}
 77112 | Pan      | Found a glowing silver altar of Zin.
 77356 | Pan      | Received a gift from Okawaru
 77584 | Pan      | Received a gift from Okawaru
 77589 | Pan      | Got a brightly glowing spear {god gift}
 78082 | Pan      | Identified the +0 robe of the Turtledove {rN+ Int+3}
 78095 | Pan      | Noticed a seraph
 78126 | Pan      | Killed a seraph
 78202 | Pan      | Received a gift from Okawaru
 78229 | Pan      | Found a glowing golden altar of the Shining One.
 78263 | Pan      | Got a demonic rune of Zot
 78271 | Pan      | Identified the Tome of Black Secrets
 78276 | Pan      | Identified the -5 helmet of the Original Sin {-Tele +Inv
                  | rF+} (You found it in Pandemonium)
 78630 | Pan      | Received a gift from Okawaru
 78948 | Pan      | Reached skill level 23 in Fighting
 79297 | Pan      | Received a gift from Okawaru
 79307 | Pan      | Identified the +10 battleaxe of the Salmon {vamp, Str-4
                  | Int+3 Dex+2} (Okawaru gifted it to you in Pandemonium)
 79677 | Pan      | Found a white marble altar of Elyvilon.
 79773 | Pan      | Reached skill level 16 in Conjurations
 79773 | Pan      | Reached skill level 16 in Hexes
 79773 | Pan      | Reached skill level 16 in Charms
 79773 | Pan      | Reached skill level 16 in Summonings
 79773 | Pan      | Reached skill level 16 in Necromancy
 79773 | Pan      | Reached skill level 16 in Translocations
 79773 | Pan      | Reached skill level 16 in Transmutations
 79773 | Pan      | Reached skill level 16 in Fire Magic
 79773 | Pan      | Reached skill level 16 in Ice Magic
 79773 | Pan      | Reached skill level 16 in Air Magic
 79773 | Pan      | Reached skill level 16 in Earth Magic
 79988 | Pan      | Learned a level 3 spell: Portal Projectile
 80039 | Depths:3 | Escaped Pandemonium
 80342 | Lair:1   | Learned a level 8 spell: Necromutation
 80607 | Pan      | Entered Pandemonium
 80607 | Pan      | Noticed Kitrif the pandemonium lord
 80612 | Pan      | Noticed Iryfe the pandemonium lord
 80679 | Pan      | HP: 85/352 [hellion/damnation (26)]
 80686 | Pan      | HP: 60/235 [poisoned by a green death (poison arrow)]
 80692 | Pan      | HP: 36/235 [poisoned by a green death (poison arrow)]
 80895 | Pan      | Received a gift from Okawaru
 80899 | Pan      | Reached skill level 19 in Armour
 80907 | Pan      | Got a faintly humming large shield {god gift}
 80908 | Pan      | Identified the +8 large shield of Brilliance {rF+ rC+++
                  | Regen+} (Okawaru gifted it to you in Pandemonium)
 80992 | Pan      | Reached skill level 20 in Invocations
 81137 | Pan      | Reached skill level 19 in Stealth
 81211 | Pan      | Reached skill level 21 in Long Blades
 81351 | Pan      | Noticed Joynugom the pandemonium lord
 81361 | Pan      | Entered the realm of Mnoleg.
 81775 | Pan      | Gained mutation: You evolve. [a neqoxec]
 82017 | Pan      | Gained mutation: Your spells are a little easier to cast,
                  | but a little less powerful. [a neqoxec]
 82484 | Pan      | Noticed Mnoleg
 82525 | Pan      | Killed Mnoleg
 82534 | Pan      | Got a glowing rune of Zot
 83132 | Pan      | Noticed Ugepsa the pandemonium lord
 83155 | Pan      | Killed Ugepsa the pandemonium lord
 83155 | Pan      | Received a gift from Okawaru
 83316 | Pan      | Identified the +11 great sword of the Queen {freeze, SInv}
                  | (You found it in Pandemonium)
 83357 | Pan      | Received a gift from Okawaru
 83452 | Pan      | Identified the +5 chain mail of Okawaru {MR- Slay+5}
                  | (Okawaru gifted it to you in Pandemonium)
 83464 | Pan      | Gained mutation: Your muscles are strong. (Str +2)
                  | [evolution]
 83527 | Pan      | Found an exit through the horrors of the Abyss.
 83628 | Pan      | Reached skill level 18 in Poison Magic
 83689 | Pan      | Noticed Suelof the pandemonium lord
 83712 | Pan      | Killed Suelof the pandemonium lord
 83712 | Pan      | Reached skill level 19 in Short Blades
 83712 | Pan      | Reached skill level 19 in Axes
 83712 | Pan      | Reached skill level 19 in Maces & Flails
 83712 | Pan      | Reached skill level 19 in Polearms
 83712 | Pan      | Reached skill level 19 in Staves
 83712 | Pan      | Reached skill level 19 in Slings
 83712 | Pan      | Reached skill level 19 in Bows
 83712 | Pan      | Reached skill level 19 in Crossbows
 83712 | Pan      | Reached skill level 19 in Throwing
 83712 | Pan      | Reached skill level 19 in Dodging
 83712 | Pan      | Reached skill level 19 in Shields
 83712 | Pan      | Reached skill level 19 in Unarmed Combat
 83712 | Pan      | Reached skill level 19 in Spellcasting
 83712 | Pan      | Reached skill level 19 in Evocations
 84050 | Pan      | Noticed Xinip the pandemonium lord
 84073 | Pan      | Killed Xinip the pandemonium lord
 84250 | Pan      | Found a runed door.
 84255 | Pan      | Reached skill level 24 in Fighting
 84260 | Pan      | Found a runed door.
 84260 | Pan      | Noticed Zimo the pandemonium lord
 84305 | Pan      | Killed Zimo the pandemonium lord
 84311 | Pan      | Found a runed door.
 84342 | Pan      | Found a runed door.
 84369 | Pan      | Received a gift from Okawaru
 84584 | Pan      | Gained mutation: You often lose your temper in combat. [a
                  | cacodemon]
 84675 | Pan      | Reached skill level 22 in Long Blades
 84763 | Pan      | Noticed Gaujok the pandemonium lord
 84793 | Pan      | Killed Gaujok the pandemonium lord
 84895 | Depths:3 | Escaped Pandemonium
 85054 | Pan      | Entered the realm of Lom Lobon.
 85054 | Pan      | Entered Pandemonium
 85337 | Pan      | Received a gift from Okawaru
 85374 | Pan      | Received a gift from Okawaru
 85570 | Pan      | Noticed Lom Lobon
 85592 | Pan      | Killed Lom Lobon
 85597 | Pan      | Got a magical rune of Zot
 85756 | Pan      | Entered the realm of Cerebov.
 85955 | Pan      | Identified the +2 ring mail of the Fiddle {rCorr Dex+5}
 86151 | Pan      | HP: 63/240 [sun demon[a balrug] (13)]
 86156 | Pan      | Reached skill level 21 in Invocations
 86164 | Pan      | HP: 58/240 [balrug/divine providence (11)]
 86169 | Pan      | HP: 62/240 [balrug/+1 demon whip of venom (1)]
 86179 | Pan      | HP: 60/240 [red devil/+0 trident[a balrug] (8)]
 86322 | Pan      | Received a gift from Okawaru
 86421 | Pan      | Identified the +11 trident of Xom's Fury {flame, Str-5
                  | Dex+7}
 86421 | Pan      | Identified the +0 robe of Daxeuwn {-Cast +Fly rPois}
 86532 | Pan      | Reached skill level 20 in Armour
 86542 | Pan      | Reached skill level 17 in Conjurations
 86542 | Pan      | Reached skill level 17 in Hexes
 86542 | Pan      | Reached skill level 17 in Charms
 86542 | Pan      | Reached skill level 17 in Summonings
 86542 | Pan      | Reached skill level 17 in Necromancy
 86542 | Pan      | Reached skill level 17 in Translocations
 86542 | Pan      | Reached skill level 17 in Transmutations
 86542 | Pan      | Reached skill level 17 in Fire Magic
 86542 | Pan      | Reached skill level 17 in Ice Magic
 86542 | Pan      | Reached skill level 17 in Air Magic
 86542 | Pan      | Reached skill level 17 in Earth Magic
 86690 | Pan      | Identified the +6 sword of Cerebov {flame}
 86690 | Pan      | Noticed Cerebov
 86748 | Pan      | HP: 107/360 [Cerebov/the +6 sword of Cerebov {flame} (2)]
 86749 | Pan      | Killed Cerebov
 86749 | Pan      | Reached skill level 20 in Stealth
 86753 | Pan      | HP: 105/360 [burnt (1)]
 86878 | Pan      | Identified the +4 great sword of Power {elec, rN+ SInv
                  | Stlth+} (You found it in Pandemonium)
 86896 | Pan      | Got a fiery rune of Zot
 86922 | Pan      | Identified the +3 pair of boots of Chimes {rElec rPois
                  | Dex+3} (You found it in Pandemonium)
 86931 | Pan      | Got a heavily runed steel amulet
 86934 | Pan      | Identified the amulet of Moderation {Acrobat rPois} (You
                  | found it in Pandemonium)
 87004 | Depths:3 | Escaped Pandemonium
 87165 | Pan      | Entered Pandemonium
 87175 | Pan      | Entered the realm of Gloorx Vloq.
 87196 | Pan      | Received a gift from Okawaru
 87245 | Pan      | Noticed Gloorx Vloq
 87457 | Pan      | Killed Gloorx Vloq
 87457 | Pan      | Received a gift from Okawaru
 87458 | Pan      | Got a shimmering large shield {god gift}
 87467 | Pan      | Got a dark rune of Zot
 87632 | Pan      | Found an exit through the horrors of the Abyss.
 87667 | Pan      | Reached skill level 25 in Fighting
 87707 | Pan      | Took an exit into the Abyss.
 87707 | Abyss:1  | Escaped into the Abyss
 87823 | Depths:3 | Escaped the Abyss
 87900 | D:15     | Identified the +2 large shield of the Comet {rElec SInv}
                  | (Okawaru gifted it to you in Pandemonium)
 87984 | Depths:2 | Voluntarily entered the Abyss.
 87995 | Abyss:1  | Got an ichor-stained cloak
 87996 | Abyss:1  | Identified the +4 cloak of Noon {rPois rF+ rC- Stlth+} (You
                  | found it on level 1 of the Abyss)
 88502 | Abyss:3  | Reached skill level 23 in Long Blades
 88620 | Abyss:4  | Upgraded the game from 0.23-a0-448-g1c01f63 to
                  | 0.23-a0-449-g8e4cbf7
 88802 | Abyss:4  | Gained mutation: You have supernaturally acute eyesight.
                  | (SInv) [evolution]
 88823 | Abyss:4  | Found a corrupted altar of Lugonu.
 88867 | Abyss:4  | Paralysed by accursed screaming for 2 turns
 88892 | Abyss:4  | Reached skill level 20 in Short Blades
 88892 | Abyss:4  | Reached skill level 20 in Axes
 88892 | Abyss:4  | Reached skill level 20 in Maces & Flails
 88892 | Abyss:4  | Reached skill level 20 in Polearms
 88892 | Abyss:4  | Reached skill level 20 in Staves
 88892 | Abyss:4  | Reached skill level 20 in Slings
 88892 | Abyss:4  | Reached skill level 20 in Bows
 88892 | Abyss:4  | Reached skill level 20 in Crossbows
 88892 | Abyss:4  | Reached skill level 20 in Throwing
 88892 | Abyss:4  | Reached skill level 20 in Dodging
 88892 | Abyss:4  | Reached skill level 20 in Shields
 88892 | Abyss:4  | Reached skill level 20 in Unarmed Combat
 88892 | Abyss:4  | Reached skill level 20 in Spellcasting
 88892 | Abyss:4  | Reached skill level 20 in Evocations
 88903 | Abyss:4  | Got an abyssal rune of Zot
 89154 | Depths:2 | Escaped the Abyss
 89238 | D:15     | Lost mutation: You often lose your temper in combat.
                  | [potion of mutation]
 89238 | D:15     | Lost mutation: Your spells are a little easier to cast, but
                  | a little less powerful. [potion of mutation]
 89238 | D:15     | Lost mutation: You tend to lose your temper in combat.
                  | [potion of mutation]
 89238 | D:15     | Gained mutation: You are frail. (-10% HP) [potion of
                  | mutation]
 89238 | D:15     | Gained mutation: You passively map a small area around you.
                  | [potion of mutation]
 89268 | Hell     | Entered the Vestibule of Hell
 89268 | Hell     | Noticed Geryon
 89291 | Hell     | Killed Geryon
 89352 | Hell     | Found a gateway to the ashen valley of Gehenna.
 89719 | Hell     | Found a gateway to the freezing wastes of Cocytus.
 90091 | Hell     | Found a gateway to the decaying netherworld of Tartarus.
 90130 | Hell     | Received a gift from Okawaru
 90245 | Hell     | Found a gateway to the Iron City of Dis.
 90385 | Dis:1    | Entered Level 1 of the Iron City of Dis
 90699 | Dis:1    | Found a huge runed gate.
 90699 | Dis:1    | Found a huge runed gate.
 90699 | Dis:1    | Found a huge runed gate.
 90700 | Dis:1    | Found a huge runed gate.
 90701 | Dis:1    | Found a huge runed gate.
 90708 | Dis:1    | Found a huge runed gate.
 90708 | Dis:1    | Found a huge runed gate.
 90708 | Dis:1    | Found a huge runed gate.
 90708 | Dis:1    | Found a huge runed gate.
 90708 | Dis:1    | Found a huge runed gate.
 90708 | Dis:1    | Found a huge runed gate.
 90709 | Dis:1    | Found a huge runed gate.
 90717 | Dis:1    | Found a huge runed gate.
 90717 | Dis:1    | Found a huge runed gate.
 90717 | Dis:1    | Found a huge runed gate.
 90717 | Dis:1    | Found a huge runed gate.
 90717 | Dis:1    | Found a huge runed gate.
 90718 | Dis:1    | Found a huge runed gate.
 90719 | Dis:1    | Found a huge runed gate.
 90720 | Dis:1    | Found a huge runed gate.
 90721 | Dis:1    | Found a huge runed gate.
 90850 | Dis:2    | Reached skill level 18 in Transmutations
 91054 | Dis:2    | Gained mutation: You tend to lose your temper in combat. [a
                  | cacodemon]
 91234 | Dis:3    | Reached skill level 19 in Poison Magic
 91270 | Dis:3    | HP: 49/215 [???[the effects of Hell] (33)]
 91293 | Dis:3    | HP: 61/215 [black mamba zombie[the effects of Hell] (11)]
 91314 | Dis:3    | HP: 63/215 [black mamba zombie[the effects of Hell] (10)]
 91447 | Hell     | Lost mutation: You passively map a small area around you.
                  | [potion of mutation]
 91447 | Hell     | Lost mutation: Your muscles are strong. (Str +2) [potion of
                  | mutation]
 91447 | Hell     | Lost mutation: You tend to lose your temper in combat.
                  | [potion of mutation]
 91447 | Hell     | Lost mutation: You are frail. (-10% HP) [potion of
                  | mutation]
 91447 | Hell     | Gained mutation: You can translocate small distances at
                  | will. [potion of mutation]
 91447 | Hell     | Gained mutation: Your flesh is cold resistant. (rC+)
                  | [potion of mutation]
 91690 | Dis:2    | Lost mutation: You have supernaturally acute eyesight.
                  | (SInv) [mutagenic glow]
 91690 | Dis:2    | Gained mutation: Scrolls take you a little longer to read.
                  | [mutagenic glow]
 92678 | Dis:7    | Entered Level 7 of the Iron City of Dis
 92723 | Dis:7    | Received a gift from Okawaru
 92846 | Dis:7    | HP: 69/242 [??? (39)]
 92853 | Dis:7    | HP: 57/242 [reaper/+2 scythe of slicing (3)]
 92984 | Dis:7    | Reached skill level 22 in Invocations
 93146 | Dis:7    | HP: 55/241 [Hell Sentinel/damnation (38)]
 93530 | Dis:5    | Reached skill level 24 in Long Blades
 93781 | Dis:7    | Reached skill level 26 in Fighting
 94044 | Dis:7    | Reached skill level 21 in Armour
 94076 | Dis:7    | Received a gift from Okawaru
 94179 | Dis:7    | Reached skill level 21 in Stealth
 94238 | Dis:7    | Received a gift from Okawaru
 94311 | Dis:7    | Reached skill level 18 in Conjurations
 94311 | Dis:7    | Reached skill level 18 in Hexes
 94311 | Dis:7    | Reached skill level 18 in Charms
 94311 | Dis:7    | Reached skill level 18 in Summonings
 94311 | Dis:7    | Reached skill level 18 in Necromancy
 94311 | Dis:7    | Reached skill level 18 in Translocations
 94311 | Dis:7    | Reached skill level 18 in Fire Magic
 94311 | Dis:7    | Reached skill level 18 in Ice Magic
 94311 | Dis:7    | Reached skill level 18 in Air Magic
 94311 | Dis:7    | Reached skill level 18 in Earth Magic
 94575 | Dis:7    | Reached skill level 19 in Transmutations
 94653 | Dis:7    | HP: 64/242 [Hell Sentinel/iron shot (37)]
 94661 | Dis:7    | HP: 48/242 [Hell Sentinel (4)]
 94665 | Dis:7    | HP: 14/242 [Hell Sentinel (10)]
 94673 | Dis:7    | HP: 45/245 [hell knight/+0 demon whip of flaming (5)]
 94747 | Dis:7    | HP: 58/245 [ancient champion/iron shot[the effects of Hell]
                  | (49)]
 94752 | Dis:7    | HP: 52/245 [ancient champion/iron shot[the effects of Hell]
                  | (14)]
 94963 | Hell     | Upgraded the game from 0.23-a0-449-g8e4cbf7 to
                  | 0.23-a0-451-g1044d4c
 95555 | Dis:7    | HP: 62/246 [+8 great sword (21)]
 95562 | Dis:7    | HP: 36/246 [??? (24)]
 95564 | Dis:7    | Hit by an ancient champion thrown by iron giant

Vault maps used:
D:1:      eino_arrival_water_star, minmay_misc_feat_x
D:2:      serial_glass, glass_columns_a, glass_columns_a, glass_columns_c,
          first_ration, minmay_misc_feat_rugged, serial_bayou_pond_d
D:3:      cheibriados_altar_1, lightli_temple_of_fire,
          chequers_ecumenical_altar_simple, chequers_decorated_corner,
          okawaru_trees_2
D:4:      marbit_many_paths, serial_shops, shop, shop_coins,
          kennysheep_mini_moat, shop, shop, uniq_eustachio, uniq_edmund,
          uniq_grinder
D:5:      grunt_temple_overflow_forces_of_nature, elyvilon_altar_3,
          minmay_temple_entry_nine_rooms, serial_park_tiny_pond
D:6:      lemuel_old_faithful
D:7:      the_bakery
D:8:      patterned_corridor
D:9:      amethyst_overflow_temple_binary, erik_orc_2
D:10:     enter_bailey_3, basic_altar
D:11:     erik_lair_dragon, basic_altar, hangedman_tree_tricks,
          nrook_loot_triangle, bh_hangedman_babel_library
D:12:     kennysheep_generic_room_10
D:13:     ebering_ghost_inner_flame, serial_bayou_pond_e
D:14:     minmay_the_grid_octo_tiled_octocenter, grunt_vaults_entry_tiered,
          lightli_airlock
D:15:     grunt_enter_depths_snipers, nicolae_ru_sacrificial_ziggurat
Temple:   nicolae_temple_god_jail
Lair:1:   guppyfry_lair_drakes, uniq_nergalle
Lair:2:   guppyfry_snake_entry_island, lemuel_altar_in_water2,
          grunt_megastairs_4
Lair:3:   swamp_mist_pool, zaba_anthell
Lair:4:   mu_elephants_graveyard, lab_entry_generic, beast_lair_carwin_8,
          uniq_snorg, uniq_josephine
Lair:5:   beast_lair_carwin_2, minmay_lair_oklob_chamber
Lair:6:   cheibrodos_lair_end_hotspot, slime_altar_1, wad_woods_road_01,
          mumra_transporter_accident, uniq_rupert
Swamp:1:  portal_ice_cave_entry_pillars_four, evilmike_swamp_ruin_wall,
          swamp_pool4
Swamp:2:  serial_swamp_ruin, evilmike_swamp_ruin_rubble_1,
          hangedman_swamp_ruin_wall, swamp_pool4
Swamp:3:  ebering_ghost_disaster_area, nicolae_swamp_triple_paths
Swamp:4:  swamp_old_school, infiniplex_staircase_pool_2
Snake:2:  nicolae_snake_biting_tails, spider_trap,
          nrook_guardian_serpent_ordinary
Snake:3:  minmay_snake_river, hangedman_snake_wide_pillar_pass, st_stairs_4,
          serial_bayou_shore_b
Snake:4:  snake_pit_salamanders_mu, spider_trap, nicolae_snake_double_loop,
          uniq_kirke
Slime:1:  cheibrodos_slime_lost_civilization_2
Slime:3:  uniq_dissolution
Orc:1:    ebering_ghost_disaster_area
Orc:2:    st_orc_elflike, mines3_lemuel
Elf:1:    minmay_elf_arrival_summoners, portal_desolation_entry_holy_temple,
          hangedman_elf_represent, minmay_checkered_concentric_circles
Elf:2:    minmay_shop_grove, uniq_asterion
Elf:3:    minmay_elf_hall, serial_shops, nicolae_shop_behind_doors,
          minmay_shop_star, basic_stair_grate_trap
Vaults:1: vaults_standard_mumra_enter_the_diamond, v_misc_1,
          hangedman_vaults_locks, nicolae_vaults_alarming, v_misc_33,
          nicolae_vaults_network_quinsquares, nicolae_vaults_murderbox,
          nicolae_vaults_rhombus_7, v_misc_23, grunt_vaults_focal,
          ontoclasm_vaults_hangar
Vaults:2: minmay_crypt_entry_necro_gods, nicolae_vaults_twisting_passages,
          v_misc_27, ontoclasm_vaults_hangar, vaults_standard_mumra_lines,
          nicolae_vaults_an_arrangement, ontoclasm_vaults_gateway,
          nicolae_vaults_ring_of_whatevers, v_misc_1,
          hangedman_vaults_variations, vaults_standard_mumra_x,
          vaults_dpeg_diagonal, nicolae_vaults_little_squares_3,
          nicolae_vaults_asterisk, uniq_margery
Vaults:3: nicolae_vaults_network_barrier, ontoclasm_vaults_loading_screen,
          v_alt_pattern_3, vaults_mumra_minichess_inversion,
          ontoclasm_vaults_claustrophobia, v_rooms_1, vaults_room_door_hall,
          v_misc_26, vaults_room_door_hall, serial_shops, shop_scrolls,
          uniq_xtahua, uniq_jory
Vaults:4: ontoclasm_vaults_spin, vaults_room_glass_cross, grunt_vaults_diagonal,
          ontoclasm_vaults_bender, v_misc_30, nicolae_vaults_back_hallway,
          v_misc_27, vaults_mumra_lcd, vaults_dpeg_spiral,
          nicolae_vaults_circle_grid_a
Crypt:2:  minivault_27
Crypt:3:  david_glass_crypt, tomb_entry_simple_bobbens, basic_altar,
          uniq_saint_roka
Depths:1: serial_bayou_pond_a, hell_entry, guppyfry_shop_blood, minmay_shoptagon
Depths:2: minmay_spriggan_fort, abyss_entry, minmay_misc_feat_tiny,
          lightli_too_deep, serial_sigils_hangedman_scratch,
          infiniplex_staircase_zigzag_5
Depths:3: onia_ninara_swampy_vault, enter_ziggurat_f,
          infiniplex_enter_wizlab_water, hell_entry, rand_demon_pan_entry_3,
          serial_bayou_pond_c
Depths:4: hangedman_arch_fort, hell_entry, infiniplex_staircase_zigzag_4,
          nicolae_abyss_entry_one_way_or_another, serial_shops, shop,
          serial_bayou_lake_a
Depths:5: grunt_profane_halls, abyss_entry, hell_entry, serial_shops
Dis:1:    door_vault
Dis:2:    hangedman_iron_city_apartments
Dis:6:    hangedman_dis_decor_blocks_talon
Dis:7:    dis_hangedman
Abyss:1:  hangedman_abyss_exit_choices
Abyss:3:  hangedman_abyss_exit_choices
Abyss:4:  minivault_25_ag, doesnt_abyss_rune_brain_food
Pan:      evilmike_holy_pan, rand_demon_5, nicolae_pan_lom_lobonic_1,
          evilmike_mini_pan_possible_glass, pan_blood_fountain_2,
          pan_blood_fountain_small, nicolae_pan_gloorx_vloqian_2,
          nicolae_pan_sigil_nadil, nicolae_pan_diamonds, rand_demon_8,
          uniq_mennas_pan, pan_blood_fountain_small, mnoleg,
          pan_blood_fountain_2, nicolae_pan_lom_lobonic_2,
          reaverb_pan_figure_eight, evilmike_mini_pan_thingy,
          pan_blood_fountain_small, evilmike_mini_pan_pillars,
          nicolae_pan_cerebovesque_2, nicolae_pan_glass_arcs,
          pan_blood_fountain_small, evilmike_mini_pan_3x3, pan_surprise,
          nicolae_pan_diamonds, grunt_pan_spiral, rand_demon_7,
          nicolae_pan_gloorx_vloqian_2, evilmike_mini_pan_branches,
          evilmike_mini_pan_thingy, rand_demon_6, pan_blood_fountain,
          nicolae_pan_mnolegish_4, lom_lobon, pan_blood_fountain,
          nicolae_pan_gloorx_vloqian_1, cerebov_grunt_fire_and_steel,
          grunt_pan_pentagram, pan_blood_fountain_2, reaverb_pan_squares,
          gloorx_vloq, pan_blood_fountain
Lab:      labyrinth_watery, nicolae_lab_swirl, nicolae_lab_x,
          labyrinth_skeletal_remains, nicolae_lab_plus, lab_statue,
          nicolae_lab_starburst, nicolae_lab_diamond, nicolae_lab_grate
IceCv:    ice_cave_caverns_02
WizLab:   wizlab_wucad

Skill      XL: |  1  2  3  4  5  6  7  8  9 10 11 12 13 14 15 16 17 18 19 20 21 22 23 24 25 26 27 |
---------------+----------------------------------------------------------------------------------+-----
Invocations    | 1 2 3 4 5 6 7 8 9 10 11 12 13 14 15 16 17 22 | 22.3
Short Blades   | 1 2 3 4 5 6 7 8 9 10 11 12 13 14 15 16 20 | 20.8
Long Blades    | 1 2 3 4 5 6 7 8 9 10 11 12 13 14 15 16 17 24 | 24.4
Axes           | 1 2 3 4 5 6 7 8 9 10 11 12 13 14 15 16 20 | 20.8
Maces & Flails | 1 2 3 4 5 6 7 8 9 10 11 12 13 14 15 16 20 | 20.8
Polearms       | 1 2 3 4 5 6 7 8 9 10 11 12 13 14 15 16 20 | 20.8
Staves         | 1 2 3 4 5 6 7 8 9 10 11 12 13 14 15 16 20 | 20.8
Slings         | 1 2 3 4 5 6 7 8 9 10 11 12 13 14 15 16 20 | 20.8
Bows           | 1 2 3 4 5 6 7 8 9 10 11 12 13 14 15 16 20 | 20.8
Crossbows      | 1 2 3 4 5 6 7 8 9 10 11 12 13 14 15 16 20 | 20.8
Throwing       | 1 2 3 4 5 6 7 8 9 10 11 12 13 14 15 16 20 | 20.8
Dodging        | 1 2 3 4 5 6 7 8 9 10 11 12 13 14 15 16 20 | 20.8
Shields        | 1 2 3 4 5 6 7 8 9 10 11 12 13 14 15 16 20 | 20.8
Unarmed Combat | 1 2 3 4 5 6 7 8 9 10 11 12 13 14 15 16 20 | 20.8
Spellcasting   | 1 2 3 4 5 6 7 8 9 10 11 12 13 14 15 16 20 | 20.8
Conjurations   | 1 2 3 4 5 6 7 8 9 10 11 12 13 14 18 | 18.1
Hexes          | 1 2 3 4 5 6 7 8 9 10 11 12 13 14 18 | 18.1
Charms         | 1 2 3 4 5 6 7 8 9 10 11 12 13 14 18 | 18.1
Summonings     | 1 2 3 4 5 6 7 8 9 10 11 12 13 14 18 | 18.1
Necromancy     | 1 2 3 4 5 6 7 8 9 10 11 12 13 14 18 | 18.1
Translocations | 1 2 3 4 5 6 7 8 9 10 11 12 13 14 18 | 18.1
Transmutations | 1 2 3 4 5 6 7 8 9 10 11 12 13 14 19 | 19.1
Fire Magic     | 1 2 3 4 5 6 7 8 9 10 11 12 13 14 18 | 18.1
Ice Magic      | 1 2 3 4 5 6 7 8 9 10 11 12 13 14 18 | 18.1
Air Magic      | 1 2 3 4 5 6 7 8 9 10 11 12 13 14 18 | 18.1
Earth Magic    | 1 2 3 4 5 6 7 8 9 10 11 12 13 14 18 | 18.1
Evocations     | 1 2 3 4 5 6 7 8 9 10 11 12 13 14 15 16 20 | 20.8
Fighting       | 3 4 5 6 7 8 9 10 11 12 13 14 15 16 17 18 19 20 26 | 26.3
Armour         | 5 6 7 8 9 10 11 12 13 14 15 16 21 | 21.1
Poison Magic   | 9 10 11 12 13 14 15 16 19 | 19.4
Stealth        | 5 6 7 8 9 10 11 12 13 14 15 16 21 | 21.1

Action                   |  1- 3 |  4- 6 |  7- 9 | 10-12 | 13-15 | 16-18 | 19-21 | 22-24 | 25-27 || total
-------------------------+-------+-------+-------+-------+-------+-------+-------+-------+-------++-------
Melee: Flail             |       |    14 |   189 |    16 |       |       |       |       |       ||   219
       Bite              |       |     2 |    50 |    90 |   113 |   112 |   205 |   198 |   640 ||  1410
       Hand axe          |       |       |   163 |   601 |   134 |       |       |       |       ||   898
       Punch             |       |       |     2 |    19 |    48 |    57 |   118 |   139 |   508 ||   891
       Broad axe         |       |       |       |       |   675 |   798 |  1064 |  1105 |  3357 ||  6999
 Fire: Hand crossbow     |    56 |   115 |   125 |    83 |       |       |       |       |       ||   379
       Longbow           |       |       |       |   189 |   591 |   884 |   583 |   889 |  2731 ||  5867
       Blowgun           |       |       |       |       |       |       |       |       |     4 ||     4
Throw: Stone             |       |     1 |       |       |       |       |       |       |       ||     1
       Tomahawk          |       |       |     2 |       |       |       |       |       |       ||     2
       Throwing net      |       |       |       |       |     1 |       |       |       |       ||     1
       Javelin           |       |       |       |       |       |       |     4 |     4 |       ||     8
 Cast: Apportation       |       |       |       |     1 |    10 |     6 |     1 |     4 |    68 ||    90
       Blink             |       |       |       |       |       |     1 |       |     3 |    14 ||    18
       Cause Fear        |       |       |       |       |       |       |     1 |       |       ||     1
       Airstrike         |       |       |       |       |       |       |     2 |     9 |    29 ||    40
       Deflect Missiles  |       |       |       |       |       |       |       |    10 |     4 ||    14
       Freezing Cloud    |       |       |       |       |       |       |       |       |    58 ||    58
       Spectral Weapon   |       |       |       |       |       |       |       |       |   109 ||   109
       Regeneration      |       |       |       |       |       |       |       |       |   103 ||   103
       Summon Lightning  |       |       |       |       |       |       |       |       |    23 ||    23
       Portal Projectile |       |       |       |       |       |       |       |       |    20 ||    20
       Necromutation     |       |       |       |       |       |       |       |       |     4 ||     4
       Shadow Creatures  |       |       |       |       |       |       |       |       |     2 ||     2
Invok: Heroism           |       |       |     5 |    11 |    14 |     2 |     4 |    13 |    28 ||    77
       Finesse           |       |       |       |       |     6 |     1 |     1 |     3 |    12 ||    23
 Abil: Evoke Flight      |       |       |       |       |       |       |       |       |     5 ||     5
Evoke: Wand              |       |       |       |     6 |     4 |     3 |     1 |     2 |       ||    16
  Use: Scroll            |     3 |     9 |     6 |     7 |    10 |    13 |     5 |    12 |    38 ||   103
       Potion            |       |       |     1 |       |     1 |     1 |     2 |       |    16 ||    21
 Stab: Sleeping          |       |       |       |       |       |       |     9 |     6 |     9 ||    24
       Distracted        |       |       |       |       |       |       |       |     2 |    46 ||    48
       Paralysed         |       |       |       |       |       |       |       |       |     6 ||     6
  Eat: Chunk             |       |     5 |    15 |    30 |    35 |    35 |    22 |    33 |    62 ||   237
       Ration            |       |       |       |       |     1 |     3 |     1 |     3 |    16 ||    24
Armor: Ring mail         |     6 |    15 |       |       |       |       |       |       |       ||    21
       Chain mail        |       |    11 |   294 |       |       |       |       |       |       ||   305
       Scale mail        |       |       |    17 |    75 |       |       |       |       |       ||    92
       Plate armour      |       |       |       |   348 |   628 |   223 |       |       |       ||  1199
       Pearl dragon scal |       |       |       |       |       |   457 |   437 |   369 |  1792 ||  3055
Dodge: Dodged            |     3 |    26 |   244 |   346 |   593 |   736 |   598 |   630 |  2964 ||  6140
       Deflected         |       |       |       |       |       |       |       |    92 |    99 ||   191

Table legend:
 A = Non-vault XP
 B = Vault XP
 C = Vault XP percentage of total XP
 D = Non-vault monster count
 E = Vault monster count
 F = Vault count percentage of total count
                 A         B        C        D         E       F
            +---------+---------+-------+---------+---------+-------
      Total | 1176898 | 1311885 |  52.7 |    2242 |    1432 |  39.0
            +---------+---------+-------+---------+---------+-------
        D:1 |      27 |       0 |   0.0 |      13 |       0 |   0.0
        D:2 |     201 |       0 |   0.0 |      21 |       0 |   0.0
        D:3 |      55 |       0 |   0.0 |      24 |       0 |   0.0
        D:4 |     416 |     630 |  60.2 |      15 |       3 |  16.7
        D:5 |     543 |       0 |   0.0 |      27 |       0 |   0.0
        D:6 |     716 |       0 |   0.0 |      20 |       0 |   0.0
        D:7 |     838 |     205 |  19.7 |      26 |       1 |   3.7
        D:8 |    2262 |       0 |   0.0 |      32 |       0 |   0.0
        D:9 |    1129 |     940 |  45.4 |      25 |      21 |  45.7
       D:10 |    4306 |       7 |   0.2 |      33 |       4 |  10.8
       D:11 |    2713 |    3266 |  54.6 |      20 |      10 |  33.3
       D:12 |    6880 |       0 |   0.0 |      39 |       0 |   0.0
       D:13 |   14315 |    1717 |  10.7 |      60 |       2 |   3.2
       D:14 |    9075 |   22459 |  71.2 |      32 |      62 |  66.0
       D:15 |   15309 |    2573 |  14.4 |      43 |       4 |   8.5
     Lair:1 |    5296 |     945 |  15.1 |      26 |       2 |   7.1
     Lair:2 |    4506 |    1199 |  21.0 |      16 |       7 |  30.4
     Lair:3 |    2011 |    3650 |  64.5 |       8 |      40 |  83.3
     Lair:4 |    4842 |   12419 |  71.9 |      23 |      29 |  55.8
     Lair:5 |   10511 |    4108 |  28.1 |      26 |      10 |  27.8
     Lair:6 |    8287 |   12644 |  60.4 |      24 |      33 |  57.9
    Swamp:1 |   10717 |       0 |   0.0 |      28 |       0 |   0.0
    Swamp:2 |    6157 |       0 |   0.0 |      17 |       0 |   0.0
    Swamp:3 |   11325 |    3539 |  23.8 |      22 |       2 |   8.3
    Swamp:4 |    8231 |   17711 |  68.3 |      23 |      21 |  47.7
    Snake:1 |   13341 |       0 |   0.0 |      29 |       0 |   0.0
    Snake:2 |   18174 |     941 |   4.9 |      35 |       2 |   5.4
    Snake:3 |   32979 |    5811 |  15.0 |      59 |      17 |  22.4
    Snake:4 |   16873 |   49383 |  74.5 |      32 |      67 |  67.7
    Slime:1 |    7674 |       0 |   0.0 |      13 |       0 |   0.0
    Slime:2 |    5062 |   13499 |  72.7 |      17 |       1 |   5.6
    Slime:3 |   10710 |       0 |   0.0 |      11 |       0 |   0.0
    Slime:4 |    2130 |       0 |   0.0 |       8 |       0 |   0.0
    Slime:5 |   13123 |   31052 |  70.3 |      18 |      13 |  41.9
      Orc:1 |    3870 |    3176 |  45.1 |      32 |       3 |   8.6
      Orc:2 |    1547 |    7374 |  82.7 |      29 |      24 |  45.3
      Elf:1 |   11138 |   16716 |  60.0 |      20 |      25 |  55.6
      Elf:2 |   26833 |   30033 |  52.8 |      43 |      34 |  44.2
      Elf:3 |   27272 |   41499 |  60.3 |      45 |      23 |  33.8
   Vaults:1 |    7144 |   19814 |  73.5 |      13 |      31 |  70.5
   Vaults:2 |   47037 |   39757 |  45.8 |      66 |      46 |  41.1
   Vaults:3 |   49394 |   36862 |  42.7 |      58 |      43 |  42.6
   Vaults:4 |   27034 |   37061 |  57.8 |      45 |      39 |  46.4
   Vaults:5 |   21711 |  139564 |  86.5 |      34 |      83 |  70.9
    Crypt:1 |   31908 |       0 |   0.0 |      50 |       0 |   0.0
    Crypt:2 |   20991 |     994 |   4.5 |      30 |       3 |   9.1
    Crypt:3 |   23491 |   42647 |  64.5 |      31 |      30 |  49.2
   Depths:1 |   30159 |    5339 |  15.0 |      40 |       5 |  11.1
   Depths:2 |   27300 |   15043 |  35.5 |      33 |      29 |  46.8
   Depths:3 |   33582 |   19339 |  36.5 |      40 |      23 |  36.5
   Depths:4 |   42086 |   49596 |  54.1 |      45 |      26 |  36.6
   Depths:5 |    7967 |  101687 |  92.7 |      11 |     109 |  90.8
       Hell |   27405 |   23387 |  46.0 |      42 |      52 |  55.3
      Dis:1 |    9147 |       0 |   0.0 |      19 |       0 |   0.0
      Dis:2 |   13311 |   13576 |  50.5 |      39 |      24 |  38.1
      Dis:3 |   15750 |       0 |   0.0 |      42 |       0 |   0.0
      Dis:4 |   39926 |       0 |   0.0 |      69 |       0 |   0.0
      Dis:5 |   19927 |       0 |   0.0 |      39 |       0 |   0.0
      Dis:6 |   18366 |       0 |   0.0 |      38 |       0 |   0.0
      Dis:7 |   36322 |   97543 |  72.9 |      46 |      92 |  66.7
    Abyss:1 |    8525 |       0 |   0.0 |      18 |       0 |   0.0
    Abyss:3 |    3302 |    3904 |  54.2 |       6 |       8 |  57.1
    Abyss:4 |   13963 |   11045 |  44.2 |      33 |      10 |  23.3
        Pan |  279756 |  313603 |  52.9 |     321 |     179 |  35.8
        Lab |       0 |    5963 | 100.0 |       0 |      19 | 100.0
      IceCv |       0 |    9324 | 100.0 |       0 |      51 | 100.0
     WizLab |       0 |    1245 | 100.0 |       0 |       1 | 100.0
 Desolation |       0 |   37096 | 100.0 |       0 |      69 | 100.0
            +---------+---------+-------+---------+---------+-------

Table legend:
 A = Turns spent in this place as a percentage of turns spent in the entire game.
 B = Non-inter-level travel turns spent in this place as a percentage of non-inter-level travel turns spent in the entire game.
 C = Inter-level travel turns spent in this place as a percentage of turns spent in this place.
 D = Turns resting spent in this place as a percentage of non-inter-level travel turns spent in this place.
 E = Turns spent auto-exploring this place as a percentage of non-inter-level travel turns spent in this place.
 F = Non-inter-level travel turns spent in this place divided by the number of levels of this place that you've seen.
                   A       B       C       D       E      F
               +-------+-------+-------+-------+-------+----------------------
         Total | 100.0 | 100.0 |  12.7 |  12.3 |  26.5 | 926.7
       Dungeon |  23.3 |  19.7 |  26.1 |  14.3 |  37.5 | 1095.8
        Temple |   0.1 |   0.1 |   0.0 |   0.0 |  58.6 |  70.0
          Lair |  10.4 |  10.0 |  16.7 |  10.9 |  38.7 | 1383.5
         Swamp |   4.0 |   4.2 |   8.0 |   1.9 |  49.0 | 874.0
     Snake Pit |   6.1 |   6.5 |   7.4 |  11.2 |  34.3 | 1347.8
    Slime Pits |   1.6 |   1.8 |   4.5 |  35.3 |   0.0 | 298.2
  Orcish Mines |   2.5 |   2.7 |   8.5 |  25.1 |  21.0 | 1109.5
   Elven Halls |   4.5 |   4.9 |   5.9 |   5.6 |  24.5 | 1353.0
        Vaults |  11.5 |  11.5 |  12.3 |   8.1 |  24.3 | 1924.6
         Crypt |   4.2 |   4.6 |   4.7 |  13.3 |  32.8 | 1271.7
        Depths |  10.2 |   9.8 |  16.1 |  17.0 |  19.8 | 1636.0
          Hell |   1.7 |   1.8 |   4.2 |  41.3 |  20.1 | 1515.0
           Dis |   4.7 |   5.1 |   5.3 |   6.5 |  13.2 | 613.6
         Abyss |   1.3 |   1.5 |   0.0 |   3.7 |   6.4 | 257.2
   Pandemonium |  10.6 |  12.1 |   0.0 |  11.4 |  11.4 | 506.4
     Labyrinth |   0.6 |   0.7 |   0.0 |   4.8 |   0.0 | 567.0
      Ice Cave |   1.0 |   1.2 |   0.0 |  15.5 |   5.1 | 985.0
        Wizlab |   0.5 |   0.5 |   0.0 |   0.0 |  20.0 | 454.0
    Desolation |   1.1 |   1.3 |   0.0 |   4.0 |  19.3 | 1092.0
               +-------+-------+-------+-------+-------+----------------------

Vault maps used:
D:1:      eino_arrival_water_star, minmay_misc_feat_x
D:2:      serial_glass, glass_columns_a, glass_columns_a, glass_columns_c,
          first_ration, minmay_misc_feat_rugged, serial_bayou_pond_d
D:3:      cheibriados_altar_1, lightli_temple_of_fire,
          chequers_ecumenical_altar_simple, chequers_decorated_corner,
          okawaru_trees_2
D:4:      marbit_many_paths, serial_shops, shop, shop_coins,
          kennysheep_mini_moat, shop, shop, uniq_eustachio, uniq_edmund,
          uniq_grinder
D:5:      grunt_temple_overflow_forces_of_nature, elyvilon_altar_3,
          minmay_temple_entry_nine_rooms, serial_park_tiny_pond
D:6:      lemuel_old_faithful
D:7:      the_bakery
D:8:      patterned_corridor
D:9:      amethyst_overflow_temple_binary, erik_orc_2
D:10:     enter_bailey_3, basic_altar
D:11:     erik_lair_dragon, basic_altar, hangedman_tree_tricks,
          nrook_loot_triangle, bh_hangedman_babel_library
D:12:     kennysheep_generic_room_10
D:13:     ebering_ghost_inner_flame, serial_bayou_pond_e
D:14:     minmay_the_grid_octo_tiled_octocenter, grunt_vaults_entry_tiered,
          lightli_airlock
D:15:     grunt_enter_depths_snipers, nicolae_ru_sacrificial_ziggurat
Temple:   nicolae_temple_god_jail
Lair:1:   guppyfry_lair_drakes, uniq_nergalle
Lair:2:   guppyfry_snake_entry_island, lemuel_altar_in_water2,
          grunt_megastairs_4
Lair:3:   swamp_mist_pool, zaba_anthell
Lair:4:   mu_elephants_graveyard, lab_entry_generic, beast_lair_carwin_8,
          uniq_snorg, uniq_josephine
Lair:5:   beast_lair_carwin_2, minmay_lair_oklob_chamber
Lair:6:   cheibrodos_lair_end_hotspot, slime_altar_1, wad_woods_road_01,
          mumra_transporter_accident, uniq_rupert
Swamp:1:  portal_ice_cave_entry_pillars_four, evilmike_swamp_ruin_wall,
          swamp_pool4
Swamp:2:  serial_swamp_ruin, evilmike_swamp_ruin_rubble_1,
          hangedman_swamp_ruin_wall, swamp_pool4
Swamp:3:  ebering_ghost_disaster_area, nicolae_swamp_triple_paths
Swamp:4:  swamp_old_school, infiniplex_staircase_pool_2
Snake:2:  nicolae_snake_biting_tails, spider_trap,
          nrook_guardian_serpent_ordinary
Snake:3:  minmay_snake_river, hangedman_snake_wide_pillar_pass, st_stairs_4,
          serial_bayou_shore_b
Snake:4:  snake_pit_salamanders_mu, spider_trap, nicolae_snake_double_loop,
          uniq_kirke
Slime:1:  cheibrodos_slime_lost_civilization_2
Slime:3:  uniq_dissolution
Orc:1:    ebering_ghost_disaster_area
Orc:2:    st_orc_elflike, mines3_lemuel
Elf:1:    minmay_elf_arrival_summoners, portal_desolation_entry_holy_temple,
          hangedman_elf_represent, minmay_checkered_concentric_circles
Elf:2:    minmay_shop_grove, uniq_asterion
Elf:3:    minmay_elf_hall, serial_shops, nicolae_shop_behind_doors,
          minmay_shop_star, basic_stair_grate_trap
Vaults:1: vaults_standard_mumra_enter_the_diamond, v_misc_1,
          hangedman_vaults_locks, nicolae_vaults_alarming, v_misc_33,
          nicolae_vaults_network_quinsquares, nicolae_vaults_murderbox,
          nicolae_vaults_rhombus_7, v_misc_23, grunt_vaults_focal,
          ontoclasm_vaults_hangar
Vaults:2: minmay_crypt_entry_necro_gods, nicolae_vaults_twisting_passages,
          v_misc_27, ontoclasm_vaults_hangar, vaults_standard_mumra_lines,
          nicolae_vaults_an_arrangement, ontoclasm_vaults_gateway,
          nicolae_vaults_ring_of_whatevers, v_misc_1,
          hangedman_vaults_variations, vaults_standard_mumra_x,
          vaults_dpeg_diagonal, nicolae_vaults_little_squares_3,
          nicolae_vaults_asterisk, uniq_margery
Vaults:3: nicolae_vaults_network_barrier, ontoclasm_vaults_loading_screen,
          v_alt_pattern_3, vaults_mumra_minichess_inversion,
          ontoclasm_vaults_claustrophobia, v_rooms_1, vaults_room_door_hall,
          v_misc_26, vaults_room_door_hall, serial_shops, shop_scrolls,
          uniq_xtahua, uniq_jory
Vaults:4: ontoclasm_vaults_spin, vaults_room_glass_cross, grunt_vaults_diagonal,
          ontoclasm_vaults_bender, v_misc_30, nicolae_vaults_back_hallway,
          v_misc_27, vaults_mumra_lcd, vaults_dpeg_spiral,
          nicolae_vaults_circle_grid_a
Crypt:2:  minivault_27
Crypt:3:  david_glass_crypt, tomb_entry_simple_bobbens, basic_altar,
          uniq_saint_roka
Depths:1: serial_bayou_pond_a, hell_entry, guppyfry_shop_blood, minmay_shoptagon
Depths:2: minmay_spriggan_fort, abyss_entry, minmay_misc_feat_tiny,
          lightli_too_deep, serial_sigils_hangedman_scratch,
          infiniplex_staircase_zigzag_5
Depths:3: onia_ninara_swampy_vault, enter_ziggurat_f,
          infiniplex_enter_wizlab_water, hell_entry, rand_demon_pan_entry_3,
          serial_bayou_pond_c
Depths:4: hangedman_arch_fort, hell_entry, infiniplex_staircase_zigzag_4,
          nicolae_abyss_entry_one_way_or_another, serial_shops, shop,
          serial_bayou_lake_a
Depths:5: grunt_profane_halls, abyss_entry, hell_entry, serial_shops
Dis:1:    door_vault
Dis:2:    hangedman_iron_city_apartments
Dis:6:    hangedman_dis_decor_blocks_talon
Dis:7:    dis_hangedman
Abyss:1:  hangedman_abyss_exit_choices
Abyss:3:  hangedman_abyss_exit_choices
Abyss:4:  minivault_25_ag, doesnt_abyss_rune_brain_food
Pan:      evilmike_holy_pan, rand_demon_5, nicolae_pan_lom_lobonic_1,
          evilmike_mini_pan_possible_glass, pan_blood_fountain_2,
          pan_blood_fountain_small, nicolae_pan_gloorx_vloqian_2,
          nicolae_pan_sigil_nadil, nicolae_pan_diamonds, rand_demon_8,
          uniq_mennas_pan, pan_blood_fountain_small, mnoleg,
          pan_blood_fountain_2, nicolae_pan_lom_lobonic_2,
          reaverb_pan_figure_eight, evilmike_mini_pan_thingy,
          pan_blood_fountain_small, evilmike_mini_pan_pillars,
          nicolae_pan_cerebovesque_2, nicolae_pan_glass_arcs,
          pan_blood_fountain_small, evilmike_mini_pan_3x3, pan_surprise,
          nicolae_pan_diamonds, grunt_pan_spiral, rand_demon_7,
          nicolae_pan_gloorx_vloqian_2, evilmike_mini_pan_branches,
          evilmike_mini_pan_thingy, rand_demon_6, pan_blood_fountain,
          nicolae_pan_mnolegish_4, lom_lobon, pan_blood_fountain,
          nicolae_pan_gloorx_vloqian_1, cerebov_grunt_fire_and_steel,
          grunt_pan_pentagram, pan_blood_fountain_2, reaverb_pan_squares,
          gloorx_vloq, pan_blood_fountain
Lab:      labyrinth_watery, nicolae_lab_swirl, nicolae_lab_x,
          labyrinth_skeletal_remains, nicolae_lab_plus, lab_statue,
          nicolae_lab_starburst, nicolae_lab_diamond, nicolae_lab_grate
IceCv:    ice_cave_caverns_02
WizLab:   wizlab_wucad
